 Dungeon Crawl Stone Soup version 0.29.1-15-g9cfb28693d (webtiles) character file.

Game seed: 1735103937290664427

13243189 alhimik the Conqueror (level 27, 273/273 HPs)
             Began as a Hill Orc Fighter on Feb 20, 2023.
             Was a High Priest of the Shining One.
             Escaped with the Orb
             ... and 15 runes on Feb 23, 2023!
             The game lasted 13:26:16 (120935 turns).

alhimik the Conqueror (Hill Orc Fighter)          Turns: 120935, Time: 13:26:17

Health: 273/273    AC: 47    Str: 36      XL:     27
Magic:  32/32      EV: 23    Int: 10      God:    the Shining One [*****.]
Gold:   9665       SH: 35    Dex: 18 (22) Spells: 26/26 levels left

rFire   + . .      SeeInvis .   w - +11 broad axe "Iddu Viedgh" {elec, rF+ rC+}
rCold   + + +      Faith    .   H - +4 tower shield of the Weaver {Rampage Fly rPois}
rNeg    + + .      Spirit   .   S - +9 crystal plate armour of Cigidori {-Cast Will+ Stlth+}
rPois   +          Reflect  +   h - +0 helmet of Eternity {rElec rC+ Str-2}
rElec   +          Harm     .   P - +1 cloak of Distant Worlds {rC++ Int-2}
rCorr   .          Rampage  +   k - +3 pair of gauntlets of War {Slay+5}
Will    +++++      NoCast   +   F - +1 pair of boots of Fuoschy {+Blink Will++ Regen+}
Stlth   ..........              R - amulet of Jotiso {Reflect Str+5 Dex+3 SH+5}
HPRegen 1.35/turn               E - ring of Yhonneda {rC+ Str-3 Dex+6 Slay+4 Stlth+}
MPRegen 0.23/turn               a - ring of the Morning {Str+4 Dex+6 Slay+2}

@: flying, glowing, studying 3 skills
A: clever 1, clumsy 1, deformed body, low MP 2, mutation resistance 1
0: Orb of Zot
}: 15/15 runes: decaying, slimy, silver, golden, iron, obsidian, icy, bone,
abyssal, demonic, glowing, magical, fiery, dark, gossamer
a: Renounce Religion, Evoke Blink, Divine Shield, Cleansing Flame, Summon Divine
Warrior


You escaped.
You worshipped the Shining One.
The Shining One was extremely pleased with you.
You visited 18 branches of the dungeon, and saw 86 of its levels.
You visited Pandemonium 4 times, and saw 17 of its levels.
You visited the Abyss 3 times.
You visited 1 ziggurat, and saw 11 of its levels.
You also visited: Trove and Ice Cave.

You collected 18559 gold pieces.
You spent 8894 gold pieces at shops.

Inventory:

Hand Weapons
 d - a +9 vorpal hand crossbow
 w - the +11 broad axe "Iddu Viedgh" (weapon) {elec, rF+ rC+}
   (You found it in a treasure trove)

   It occasionally discharges a powerful burst of electricity upon striking a
   foe.
   rF:        It protects you from fire.
   rC:        It protects you from cold.
 T - a +9 broad axe of holy wrath
Missiles
 c - 11 silver javelins (quivered)
 i - 16 javelins
 p - 11 silver boomerangs
 z - 10 boomerangs of dispersal
 J - 3 throwing nets
 N - a boomerang
Armour
 h - the +0 helmet of Eternity (worn) {rElec rC+ Str-2}
   (You acquired it on level 1 of the Spider Nest)

   Str:       It affects your strength (-2).
   rC:        It protects you from cold.
   rElec:     It insulates you from electricity.
 k - the +3 pair of gauntlets of War (worn) {Slay+5}
   (Okawaru gifted it to you on level 1 of the Depths)

   Slay:      It affects your accuracy & damage with ranged weapons and melee
   (+5).
 F - the +1 pair of boots of Fuoschy (worn) {+Blink Will++ Regen+}
   (Okawaru gifted it to you on level 5 of the Lair of Beasts)

   +Blink:    It lets you blink.
   Regen:     It increases your rate of health regeneration.
   Will:      It greatly increases your willpower.
 H - the +4 tower shield of the Weaver (worn) {Rampage Fly rPois}
   (Okawaru gifted it to you on level 1 of the Vaults)

   rPois:     It protects you from poison.
   Fly:       It grants you flight.
   Rampage:   It bestows one free step when moving towards enemies.
 P - the +1 cloak of Distant Worlds (worn) {rC++ Int-2}
   (You acquired it on level 2 of the Orcish Mines)

   Int:       It affects your intelligence (-2).
   rC:        It greatly protects you from cold.
 S - the +9 crystal plate armour of Cigidori (worn) {-Cast Will+ Stlth+}
   (Okawaru gifted it to you on level 5 of the Vaults)

   -Cast:     It prevents spellcasting.
   Will:      It increases your willpower.
   Stlth:     It makes you more stealthy.
Jewellery
 a - the ring of the Morning (right hand) {Str+4 Dex+6 Slay+2}
   (You found it on level 7 of Tartarus)

   [ring of dexterity]

   Str:       It affects your strength (+4).
   Dex:       It affects your dexterity (+6).
   Slay:      It affects your accuracy & damage with ranged weapons and melee
   (+2).
 E - the ring of Yhonneda (left hand) {rC+ Str-3 Dex+6 Slay+4 Stlth+}
   (You found it on level 3 of the Crypt)

   [ring of dexterity]

   Str:       It affects your strength (-3).
   Dex:       It affects your dexterity (+6).
   Slay:      It affects your accuracy & damage with ranged weapons and melee
   (+4).
   rC:        It protects you from cold.
   Stlth:     It makes you more stealthy.
 K - a +6 ring of intelligence
 L - a ring of protection from fire
 M - a ring of protection from fire
 R - the amulet of Jotiso (around neck) {Reflect Str+5 Dex+3 SH+5}
   (You found it on level 11 of the Dungeon)

   [amulet of reflection]

   It reflects blocked missile attacks.
   Str:       It affects your strength (+5).
   Dex:       It affects your dexterity (+3).
   SH:        It affects your SH (+5).
 U - a ring of the Octopus King {rCorr HP+2 AC+2 EV+2 SH+2}
   (You found it on level 10 of a ziggurat)

   [ring of resist corrosion]

   AC:        It affects your AC (+2).
   EV:        It affects your evasion (+2).
   HP:        It affects your health (+2).
   rCorr:     It protects you from acid and corrosion.
   SH:        It affects your SH (+2).
Wands
 f - a wand of flame (108)
 v - a wand of light (36)
 x - a wand of digging (18)
 D - a wand of iceblast (26)
 G - a wand of polymorph (5)
Scrolls
 b - a scroll of enchant armour
 r - 10 scrolls of fog
 t - 10 scrolls of immolation
 u - 25 scrolls of teleportation
 A - 5 scrolls of blinking
 B - 4 scrolls of silence
 V - 4 scrolls of summoning
Potions
 j - 7 potions of magic
 l - 6 potions of cancellation
 m - 5 potions of heal wounds
 n - 18 potions of curing
 o - a potion of might
 q - 4 potions of resistance
 C - 18 potions of lignification
 O - 13 potions of ambrosia
 X - 3 potions of mutation
Miscellaneous
 e - a tin of tremorstones (2/2)
 g - a box of beasts
 s - a figurine of a ziggurat
 y - a phial of floods
 W - a phantom mirror
 Z - a lightning rod (4/4)


   Skills:
 O Level 27 Fighting
 O Level 27 Axes
 - Level 8.5 Ranged Weapons
 O Level 27 Throwing
 O Level 27 Armour
 O Level 27 Dodging
 O Level 27 Shields
 O Level 27 Invocations
 + Level 24.3 Evocations


You had 26 spell levels left.
You didn't know any spells.
Your spell library contained the following spells:

 Spells                   Type           Power      Damage    Failure   Level
 Foxfire                  Conj/Fire      0%         2x1d4     83%         1
 Freeze                   Ice            0%         1d3       83%         1
 Magic Dart               Conj           0%         1d3       83%         1
 Sandblast                Erth           0%         2d4       83%         1
 Shock                    Conj/Air       0%         1d3       83%         1
 Slow                     Hex            0%         N/A       83%         1
 Sting                    Tmut/Pois      0%         1d3       83%         1
 Blink                    Tloc           0%         N/A       93%         2
 Call Imp                 Summ           0%         N/A       93%         2
 Ensorcelled Hibernation  Hex/Ice        0%         N/A       93%         2
 Passwall                 Tmut/Erth      0%         N/A       93%         2
 Poisonous Vapours        Pois/Air       0%         N/A       93%         2
 Scorch                   Fire           0%         2d5       93%         2
 Static Discharge         Conj/Air       0%         3-3/arc   93%         2
 Sublimation of Blood     Necr           0%         N/A       93%         2
 Wereblood                Tmut           0%         N/A       93%         2
 Call Canine Familiar     Summ           0%         N/A       99%         3
 Confusing Touch          Hex            0%         N/A       99%         3
 Conjure Flame            Conj/Fire      0%         6-21      99%         3
 Dazzling Flash           Conj/Hex       0%         N/A       99%         3
 Gell's Gravitas          Tloc           0%         N/A       99%         3
 Ignite Poison            Fire/Tmut/Pois 0%         N/A       99%         3
 Inner Flame              Hex/Fire       0%         N/A       99%         3
 Lesser Beckoning         Tloc           0%         N/A       99%         3
 Mephitic Cloud           Conj/Pois/Air  0%         N/A       99%         3
 Ozocubu's Armour         Ice            0%         N/A       99%         3
 Portal Projectile        Hex/Tloc       0%         N/A       99%         3
 Stone Arrow              Conj/Erth      0%         3d7       99%         3
 Summon Guardian Golem    Hex/Summ       0%         N/A       99%         3
 Swiftness                Air            0%         N/A       99%         3
 Teleport Other           Tloc           0%         N/A       99%         3
 Tukima's Dance           Hex            0%         N/A       99%         3
 Vampiric Draining        Necr           0%         2d6       99%         3
 Airstrike                Air            0%         2d(0-16)  100%        4
 Anguish                  Hex/Necr       0%         N/A       100%        4
 Animate Armour           Summ/Erth      0%         N/A       100%        4
 Animate Dead             Necr           0%         N/A       100%        4
 Cause Fear               Hex            0%         N/A       100%        4
 Corpse Rot               Necr/Pois/Air  0%         N/A       100%        4
 Dispel Undead            Necr           0%         3d6       100%        4
 Flame Wave               Conj/Fire      0%         2d4       100%        4
 Fulminant Prism          Conj/Hex       0%         3d6       100%        4
 Iskenderun's Mystic Bla  Conj/Tloc      0%         2d3       100%        4
 Leda's Liquefaction      Hex/Erth       0%         N/A       100%        4
 Olgreb's Toxic Radiance  Pois           0%         N/A       100%        4
 Passage of Golubria      Tloc           0%         N/A       100%        4
 Petrify                  Tmut/Erth      0%         N/A       100%        4
 Sticky Flame             Conj/Fire      0%         2d3       100%        4
 Summon Lightning Spire   Summ/Air       0%         N/A       100%        4
 Agony                    Necr           0%         N/A       100%        5
 Alistair's Intoxication  Tmut/Pois      0%         N/A       100%        5
 Blade Hands              Tmut           0%         N/A       100%        5
 Borgnjor's Vile Clutch   Necr/Erth      0%         N/A       100%        5
 Fireball                 Conj/Fire      0%         3d3       100%        5
 Freezing Cloud           Conj/Ice/Air   0%         6-21      100%        5
 Irradiate                Conj/Tmut      0%         3d11      100%        5
 Lee's Rapid Deconstruct  Erth           0%         3d5*      100%        5
 Lightning Bolt           Conj/Air       0%         1d11      100%        5
 Manifold Assault         Tloc           0%         N/A       100%        5
 Metabolic Englaciation   Hex/Ice        0%         N/A       100%        5
 Silence                  Hex/Air        0%         N/A       100%        5
 Yara's Violent Unravell  Hex/Tmut       0%         3d3       100%        5
 Conjure Ball Lightning   Conj/Air       0%         3x3d6     100%        6
 Dispersal                Tloc           0%         N/A       100%        6
 Eringya's Noxious Bog    Tmut/Pois      0%         N/A       100%        6
 Iron Shot                Conj/Erth      0%         9d1       100%        6
 Simulacrum               Ice/Necr       0%         N/A       100%        6
 Starburst                Conj/Fire      0%         6d3       100%        6
 Statue Form              Tmut/Erth      0%         N/A       100%        6
 Summon Cactus Giant      Summ           0%         N/A       100%        6
 Enfeeble                 Hex            0%         N/A       100%        7
 Orb of Destruction       Conj           0%         9d5       100%        7
 Ozocubu's Refrigeration  Ice            0%         4d7       100%        7
 Spellforged Servitor     Conj/Summ      0%         N/A       100%        7
 Storm Form               Tmut/Air       0%         N/A       100%        7
 Summon Hydra             Summ           0%         N/A       100%        7
 Borgnjor's Revivificati  Necr           0%         N/A       100%        8
 Discord                  Hex            0%         N/A       100%        8
 Disjunction              Tloc           0%         N/A       100%        8
 Ignition                 Fire           0%         3d3       100%        8
 Infestation              Necr           0%         N/A       100%        8
 Lehudib's Crystal Spear  Conj/Erth      0%         10d2      100%        8
 Maxwell's Capacitive Co  Air            0%         ∞         100%        8
 Necromutation            Tmut/Necr      0%         N/A       100%        8
 Death's Door             Necr           0%         N/A       100%        9
 Polar Vortex             Ice            0%         N/A       100%        9
 Shatter                  Erth           0%         3d5*      100%        9


Dungeon Overview and Level Annotations

Branches:
Dungeon (15/15)            Temple (1/1) D:5            Lair (5/5) D:10
  Swamp (4/4) Lair:3       Spider (4/4) Lair:3        Slime (5/5) Lair:4
    Orc (2/2) D:10            Elf (3/3) Orc:2        Vaults (5/5) D:14
  Crypt (3/3) Vaults:3       Tomb (3/3) Crypt:3      Depths (4/4) D:15
   Hell (visited)             Dis (7/7) Hell            Geh (7/7) Hell
    Coc (7/7) Hell            Tar (7/7) Hell            Zot (5/5) Depths:4
  IceCv (visited)

Altars:
Ashenzari
Cheibriados
Dithmenos
Elyvilon
Fedhas
Gozag
Hepliaklqana
Kikubaaqudgha
Makhleb
Nemelex Xobeh
Okawaru
Qazlal
Ru
Sif Muna
Trog
Uskayaw
Vehumet
Wu Jian
Xom
Yredelemnul
Zin
The Shining One
Beogh
Jiyva
Lugonu

Shops:
D:1 (   D:6 !   D:9 [   Orc:2 :*?[(   Elf:1 :   Elf:2 [   Vaults:2 (*(!
Vaults:3 ?   Depths:1 ?   Depths:2 :   Depths:4 ==:

Portals:
Hell: Depths:1 Depths:2 Depths:3 Depths:4
Abyss: D:13 Depths:1 Depths:2 Depths:3
Pandemonium: Depths:1 Depths:2

Annotations:
Zot:1 1 runed translucent door, stpyramids's ghost, legendary DDFi


Innate Abilities, Weirdness & Mutations

Your mind is acute. (Int +4, Str/Dex -1)
You are clumsy. (Dex -2)
Armour fits poorly on your strangely shaped body.
Your magical capacity is very low. (-20% MP)
You are somewhat resistant to further mutation.


Message History

a +0 leather armour; a +0 whip You fly upwards.
There is a stone staircase leading down here.
Things that are here:
a +0 whip; a +0 mace
There is a stone staircase leading up here.
You fly upwards.
There is a stone staircase leading down here.
Unknown command.
An ice devil comes into view.
You can't go up here!
Aiming: Dig
Press: ? - help, Shift-Dir - straight line A rock wall.
This square is lit by a halo and is covered in magical glow.
The rock shatters into small pieces.
An ice devil is nearby!
There is a stone staircase leading up here.
You fly upwards.
There is a stone staircase leading down here.
There is a stone staircase leading up here.
You fly upwards.
There is a stone staircase leading down here.
An Orb Guardian comes into view.
You slice the Orb Guardian!!
The Orb Guardian is moderately wounded.
You block the Orb Guardian's attack.
You open the Orb Guardian like a pillowcase!!!
The Orb Guardian is severely wounded.
You block the Orb Guardian's attack.
You slash the Orb Guardian!
The Orb Guardian is almost dead.
You block the Orb Guardian's attack.
You slice the Orb Guardian!!
You kill the Orb Guardian!
You feel your intelligence returning.
There is a staircase leading out of the dungeon here.
Search for what [Enter for "zig", or ? for help]? woohoo Can't find anything matching that.
You have escaped!

..#..# #.................####.##
.....# ####.#.#.#.##..#..###.##
..##.#####............#...#.##
............♣♣♣♣♣♣♣♣♣.#..#.######
.....#####.♣..PP..PP♣............
.....## ##.♣...P^.PP♣....#.#####.
..#...###..♣P...PP..♣......##...#
...........♣PP...P..♣.#(.####.##.
..#...####.♣..P.@.PP♣.#..# #.##.
..)........♣..PP...P♣.#..####.##.
.####.###..♣PP..P...♣..........#.
.# #.###..♣PP..PP..♣....####..#.
.## #.##...♣♣♣♣♣♣♣♣♣.....####..##
#.# #..........................##
.## #######.##.#######..###...∩..
.## #.##.# #..######... ..#
#.##.# #......##..#


There were no monsters in sight!

Vanquished Creatures
  Cerebov (Pan)
  Antaeus (Coc:7)
  the Royal Jelly (Slime:5)
  Asmodeus (Geh:7)
  Lom Lobon (Pan)
  5 dread liches
  7 orbs of fire
  8 ancient liches
  9 juggernauts
  Sojobo (Arena)
  Josephina (Arena)
  9 royal mummies
  Bai Suzhen (Arena)
  9 shard shrikes
  Saint Roka (Crypt:2)
  2 Killer Klowns (Zot:5)
  20 caustic shrikes
  2 curse toes
  Geryon (Hell)
  9 golden dragons
  10 profane servitors
  Jory (Vaults:3)
  39 bone dragons
  13 Brimstone Fiends
  24 Tzitzimimeh
  18 doom hounds
  12 iron giants
  7 pandemonium lords
  5 hellephants
  16 tainted leviathans
  3 electric golems
  A walking crystal tome (Depths:3)
  Rupert (Arena)
  22 Hell Sentinels
  14 searing wretches
  Grunn (Zot:1)
  15 Ice Fiends
  30 Orb Guardians
  Jorgrun (Swamp:2)
  2 spectral shard shrikes
  The ghost of Sianeop the Warrior, an adept GrFi of Cheibriados (Vaults:3)
  Mlioglotl (Spider:1)
  16 tentacled monstrosities
  28 titans
  Asterion (Spider:4)
  8 liches
  6 deep elf blademasters
  5 quicksilver dragons
  23 acid blobs
  4 deep elf master archers
  14 Executioners (Pan)
  3 thorn hunters
  9 death cobs
  5 tentacled starspawn
  Agnes (Spider:1)
  11 sphinxes
  41 ancient champions
  An eldritch tentacle (Zot:5)
  Gastronok (D:11)
  Kirke (D:14)
  7 revenants
  7 draconian monks
  6 tengu reavers
  41 fire giants
  19 shadow dragons
  25 azure jellies
  29 narguns
  3 daevas (Pan)
  3 demonspawn warmongers (Pan)
  10 rockslimes
  3 draconian knights
  20 storm dragons
  17 quicksilver elementals
  13 iron dragons
  36 frost giants
  3 fenstrider witches (Swamp:4)
  The ghost of LustLizard the Severer, a journeyman MiFi of Uskayaw (Orc:2)
  2 spectral juggernauts (Tar:4)
  4 orc warlords
  3 emperor scorpions (Spider:4)
  4 deep elf sorcerers (Elf:3)
  43 balrugs
  2 curse skulls (Pan)
  Aizul (Spider:2)
  13 draconian scorchers
  3 ghouls
  12 ghost moths
  14 vault wardens
  Louise (Spider:2)
  2 angels
  A ghost moth (shapeshifter) (Vaults:5)
  11 cacodemons
  8 draconian annihilators
  4 draconian stormcallers
  3 spectral caustic shrikes
  7 shard shrike simulacra
  4 draconian shifters
  2 broodmothers
  3 deep elf elementalists (Elf:3)
  28 ironbound preservers
  42 war gargoyles
  46 very ugly things
  12 ironbound thunderhulks
  A juggernaut skeleton (Pan)
  5 demonspawn blood saints
  2 caustic shrike skeletons
  15 quicksilver oozes
  21 reapers
  35 stone giants
  7 demonspawn corrupters (Pan)
  4 spriggan defenders (Depths:4)
  An apis (Pan)
  An eleionoma (Swamp:1)
  2 ophanim (Pan)
  9 demonspawn black suns
  9 green draconians
  24 putrid mouths
  14 vampire knights
  10 dire elephants
  5 bennus (Tomb:3)
  12 deep elf demonologists
  10 white draconians
  8 yellow draconians
  Nessos (Lair:5)
  5 bunyips
  18 red draconians
  14 elemental wellsprings
  Azrael (D:14)
  7 black draconians
  5 entropy weavers
  8 spark wasps
  19 wendigos
  6 purple draconians
  13 deep elf annihilators
  17 lorocyprocas
  9 blizzard demons
  An ettin (shapeshifter) (Zig:5)
  9 ettins
  14 deep elf death magi
  A merfolk impaler (Depths:3)
  20 eidola
  16 mummy priests
  2 spectral quicksilver dragons
  17 iron golems
  9 fire dragons
  6 deep elf high priests
  A crystal guardian (Vaults:3)
  4 shambling mangroves
  19 jiangshi
  The ghost of Jingleheimer the Carver, a journeyman MiFi of Gozag (Lair:2)
  A spectral fenstrider witch (Tar:1)
  11 green deaths
  4 spectral spriggans
  9 great orbs of eyes
  A spriggan zombie (Crypt:2)
  18 yaktaur captains
  10 boulder beetles
  7 ice dragons
  A quicksilver dragon skeleton (Pan)
  9 salamander tyrants
  27 vault guards
  A fenstrider witch zombie (Crypt:2)
  17 hydras
  A boulder beetle (shapeshifter) (D:12)
  4 rakshasas
  5 death knights
  5 ogre magi
  9 caustic shrike simulacra
  2 peacekeepers
  2 jorogumos
  A merfolk avatar (Lair:5)
  A ghost crab (Swamp:2)
  2 radroaches (Spider:2)
  19 centaur warriors
  9 ironbound frosthearts
  7 juggernaut simulacra
  A radroach (shapeshifter) (Vaults:2)
  4 spriggan air magi
  8 two-headed ogres
  A stoker (Geh:6)
  3 spriggan skeletons
  3 catoblepae
  4 alligators
  An anaconda (shapeshifter) (Depths:3)
  3 deep troll shamans
  54 death scarabs
  14 vampire magi
  27 dancing weapons
  A spectral stone giant (Tar:3)
  8 death yaks (Lair:5)
  30 hell hogs
  A titan zombie (Tomb:1)
  9 deep troll earth magi
  8 orc high priests
  A spectral naga (Tar:6)
  11 spriggan berserkers
  8 tengu warriors
  A spectral dire elephant (Tar:4)
  18 spriggans
  8 crystal echidnas
  2 shock serpents (Pan)
  27 deep elf knights
  Sonja (Lair:4)
  14 hell knights
  14 sixfirhies
  Nergalle (D:11)
  A titan skeleton (Pan)
  27 skeletal warriors
  62 sun demons
  A salamander mystic (Depths:2)
  36 shadow wraiths
  A fire crab (Zig:11)
  4 wretched stars (Abyss:3)
  2 bunyip zombies
  A storm dragon skeleton (Crypt:1)
  31 soul eaters
  6 pharaoh ants
  2 sun moths
  69 deep trolls
  19 shadow demons (Pan)
  2 cherubim (Pan)
  2 spectral anacondas
  9 goliath frogs
  6 iron trolls
  A deep troll (shapeshifter) (Abyss:3)
  6 spriggan druids
  2 anaconda zombies
  A spectral hydra (Tar:3)
  4 bog bodies
  7 orb spiders
  14 starcursed masses
  2 obsidian statues
  6 quicksilver dragon simulacra
  28 deep elf archers
  5 swamp dragons
  A sea snake (Lair:4)
  3 glowing orange brains
  A flayed ghost (Vaults:5)
  Pikel (D:5)
  6 orange crystal statues
  12 lindwurms
  An anaconda skeleton (Pan)
  9 phantasmal warriors
  18 ironbound convokers
  2 spriggan simulacra
  4 steelbarb worms
  27 deep elf zephyrmancers
  22 orc knights
  11 wizards
  26 deep elf pyromancers
  12 necromancers
  2 bunyip skeletons
  5 harpies
  10 orc sorcerers
  An iron dragon zombie (Crypt:3)
  35 ugly things
  10 shining eyes
  2 salamanders (Depths:2)
  A worldbinder (Abyss:3)
  4 oklob plants (Lair:4)
  13 wolf spiders
  A cyclops (shapeshifter) (Vaults:5)
  3 will-o-the-wisps
  A goliath frog skeleton (Crypt:1)
  3 manticores
  A spectral alligator snapping turtle (Tar:2)
  2 spectral centaurs
  An iron dragon skeleton (Crypt:3)
  9 cyclopes
  33 moths of wrath
  16 rust devils
  A centaur zombie (Crypt:2)
  A guardian serpent (Abyss:3)
  Joseph (D:7)
  2 naga magi (Abyss:3)
  5 black mambas
  2 apocalypse crabs
  26 vault sentinels
  A dire elephant zombie (Crypt:2)
  9 elephants
  4 ice statues
  29 smoke demons
  5 titan simulacra
  8 molten gargoyles (Geh:7)
  5 eyes of devastation
  A gargoyle (D:13)
  16 orange demons
  5 centaur skeletons
  A purple draconian zombie (Crypt:2)
  10 cane toads
  24 hellions
  4 torpor snails
  A sea snake zombie (Crypt:2)
  7 rime drakes
  16 demonic crawlers
  A storm dragon simulacrum (Coc:2)
  4 unseen horrors
  A catoblepas zombie (Crypt:3)
  12 freezing wraiths
  4 bunyip simulacra
  A kobold demonologist (D:11)
  12 efreet
  38 tormentors
  9 komodo dragons
  8 anaconda simulacra
  An ice devil (Depths:1)
  A purple draconian skeleton (Crypt:1)
  19 hellwings
  3 ancient zymes
  6 tengu conjurers
  6 red devils (Pan)
  39 yaktaurs
  2 iron giant simulacra
  A catoblepas skeleton (Pan)
  3 silent spectres
  28 guardian mummies
  6 spectral harpies
  6 tyrant leeches
  24 tarantellas
  32 hornets
  8 trolls
  A hydra zombie (Crypt:2)
  A polar bear (Lair:4)
  2 bloated husks
  4 harpy skeletons
  A meliai (shapeshifter) (Elf:3)
  A wind drake (Zig:9)
  3 meliai (Spider:1)
  2 raiju (Abyss:3)
  125 slime creatures
  2 snapping turtles
  Grinder (D:4)
  20 blink frogs
  3 stone giant simulacra
  2 tengu simulacra (Depths:2)
  7 dream sheep (Lair:4)
  An iron dragon simulacrum (Coc:2)
  22 jumping spiders
  A black mamba zombie (Crypt:3)
  2 centaur simulacra
  A flying skull (Tomb:3)
  4 shadows (D:12)
  26 ynoxinuls
  Sigmund (D:3)
  15 water elementals
  10 wraiths
  20 culicivoras
  2 air elementals
  7 vampires
  4 hogs (D:14)
  5 wyverns
  3 alligator snapping turtle simulacra
  5 dire elephant simulacra
  An ice dragon skeleton (Pan)
  9 ushabtiu
  42 yaks
  7 fire elementals
  4 basilisks
  4 fire bats
  23 golden eyes
  39 large abominations
  Eustachio (D:5)
  A golden eye (shapeshifter) (Elf:3)
  9 vampire mosquitoes
  26 neqoxecs
  2 steam dragons
  A redback (shapeshifter) (Vaults:5)
  47 redbacks
  17 chaos spawn
  8 harpy simulacra
  9 wargs
  Menkaure (D:5)
  A swamp worm (shapeshifter) (Vaults:5)
  5 acid dragons
  A demonspawn zombie (Crypt:3)
  22 swamp worms
  8 hell hounds
  3 hydra simulacra
  A naga skeleton (Crypt:1)
  7 swamp drakes
  15 water moccasins
  A floating eye (Pan)
  A demonspawn skeleton (Crypt:3)
  50 orc warriors
  3 ice beasts
  A glowing shapeshifter skeleton (Crypt:1)
  3 great orb of eyes simulacra (IceCv)
  A black mamba simulacrum (Hell)
  2 black bears
  4 ettin simulacra
  A blink frog zombie (Crypt:3)
  8 ogres
  21 wolves
  A dream sheep skeleton (Crypt:1)
  2 swamp dragon skeletons (Crypt:3)
  11 centaurs
  A blink frog skeleton (Crypt:1)
  2 slime creature simulacra (IceCv)
  13 kobold brigands
  11 small abominations
  8 bullfrogs
  2 gnoll sergeants (D:9)
  4 scorpions
  2 earth elementals (Elf:2)
  3 necrophages
  2 glowing shapeshifter simulacra (IceCv)
  A naga simulacrum (Hell)
  A human simulacrum (Depths:2)
  A salamander skeleton (Crypt:1)
  5 wights
  A shapeshifter skeleton (Crypt:3)
  2 electric eels (Spider:4)
  2 howler monkeys
  5 hounds
  A gnoll bouda (D:5)
  A quasit (Abyss:3)
  48 orc priests
  8 jellies
  Crazy Yiuf (D:7)
  2 iron imps
  3 iguanas
  Natasha (D:4)
  A black bear skeleton (Crypt:2)
  32 orc wizards
  6 hell rats
  An acid dragon zombie (Crypt:2)
  A howler monkey zombie (Crypt:1)
  31 mummies
  Robin (D:4)
  22 gnolls
  11 adders
  6 shadow imps
  A steam dragon skeleton (Crypt:2)
  2 white imps
  An ufetubus (Abyss:3)
  A worm zombie (Crypt:1)
  2 worms (D:2)
  5 dart slugs
  126 orcs
  3 endoplasms
  6 giant cockroaches
  7 hobgoblins
  3 jackals (D:2)
  A quokka (D:1)
  7 ball pythons
  8 bats
  A dart slug zombie (Crypt:2)
  An endoplasm zombie (Crypt:1)
  A frilled lizard (D:2)
  11 goblins
  32 kobolds
  6 kobold skeletons (D:11)
  12 kobold zombies (D:11)
  2 orc zombies (Crypt:2)
  A quokka skeleton (Crypt:2)
  2 rats
  3 ball lightnings (Pan)
  9 briar patches
  7 creeping infernos
  26 fire vortices
  6 starspawn tentacles
4319 creatures vanquished.

Vanquished Creatures (collateral kills)
  A pandemonium lord (Pan)
  Ignacio (Pan)
  Ereshkigal (Tar:7)
  the Serpent of Hell (Geh:7)
  Mnoleg (Pan)
  A dread lich (Dis:3)
  Dispater (Dis:7)
  Mennas (Tomb:3)
  A juggernaut (Dis:7)
  9 royal mummies
  4 caustic shrikes
  4 bone dragons (Tar:7)
  2 Tzitzimimeh (Tar:7)
  An iron giant (Dis:3)
  5 doom hounds (Tar:7)
  2 tentacled monstrosities (Pan)
  2 Hell Sentinels
  Zenata (Crypt:3)
  A lich (Crypt:1)
  4 tainted leviathans
  3 titans
  A deep elf master archer (Crypt:2)
  4 ancient champions
  3 Executioners (Pan)
  An eldritch tentacle (Pan)
  A daeva (Pan)
  2 storm dragons (Pan)
  A fire giant (Crypt:2)
  A nargun (Coc:6)
  A frost giant (Coc:6)
  A quicksilver elemental (Dis:3)
  2 ghost moths (Pan)
  4 iron dragons
  A spectral juggernaut (Tar:4)
  4 balrugs
  A spectral caustic shrike (Tar:4)
  An angel (Pan)
  4 cacodemons (Pan)
  A ghoul (Crypt:1)
  3 reapers
  3 war gargoyles
  6 very ugly things (Pan)
  2 demonspawn corrupters (Pan)
  A caustic shrike skeleton (Tomb:3)
  An elemental wellspring (Coc:6)
  A stone giant (Zig:8)
  3 bennus
  4 putrid mouths (Tar:4)
  A spectral titan (Tar:4)
  A lorocyproca (Pan)
  2 eidola (Tar:7)
  2 blizzard demons (Pan)
  2 green deaths (Pan)
  4 mummy priests
  2 spectral spriggans (Tar:4)
  6 iron golems
  A great orb of eyes (Pan)
  A spriggan zombie (Crypt:2)
  A salamander tyrant (Geh:7)
  A caustic shrike simulacrum (Coc:7)
  A spriggan skeleton (Tomb:3)
  3 vampire magi (Crypt:3)
  40 death scarabs
  A shock serpent (Pan)
  17 sun demons (Pan)
  A deep elf knight (Crypt:2)
  2 soul eaters (Pan)
  8 skeletal warriors
  5 sixfirhies (Pan)
  4 shadow wraiths (Tar:7)
  2 titan skeletons (Crypt:2)
  A glowing orange brain (Pan)
  A deep elf archer (Crypt:2)
  A shadow demon (Pan)
  An anaconda skeleton (Tomb:3)
  A necromancer (Crypt:2)
  2 wizards (Pan)
  A deep elf pyromancer (Crypt:2)
  A deep elf zephyrmancer (Crypt:2)
  4 ugly things (Pan)
  A torpor snail (Zig:8)
  2 ice statues (Coc:7)
  8 orange demons (Pan)
  A hellion (Dis:2)
  7 smoke demons (Pan)
  2 demonic crawlers (Pan)
  A sea snake zombie (Crypt:2)
  2 freezing wraiths
  3 tormentors
  6 efreet
  15 guardian mummies
  A hellwing (Pan)
  A red devil (Pan)
  A boulder beetle zombie (Crypt:3)
  A stone giant simulacrum (Tomb:3)
  3 flying skulls (Tomb:3)
  A vampire (Crypt:3)
  A black mamba skeleton (Crypt:2)
  6 ushabtiu
  2 ynoxinuls (Pan)
  4 golden eyes (Pan)
  8 neqoxecs (Pan)
  3 chaos spawn (Pan)
  A harpy simulacrum (Coc:6)
  6 large abominations (Pan)
  A floating eye (Pan)
  13 mummies
  An orc skeleton (Crypt:3)
328 creatures vanquished.

Vanquished Creatures (others)
  Gloorx Vloq (Pan)
  A shard shrike (Coc:6)
  the Enchantress (Depths:4)
  An eldritch tentacle (Pan)
  A shadow dragon (Depths:3)
  A rockslime (Slime:5)
  A spriggan defender (Depths:4)
  An ironbound preserver (Vaults:5)
  2 wendigos
  A white draconian (Depths:3)
  A deep elf death mage (Crypt:1)
  A green death (Pan)
  2 fire dragons (Zig:11)
  An ice dragon (Depths:2)
  2 caustic shrike simulacra (Coc:1)
  A soul eater (Depths:4)
  2 quicksilver dragon simulacra
  An orb spider (Spider:4)
  A shadow demon (Pan)
  A spriggan simulacrum (Coc:6)
  2 deep elf pyromancers
  A deep elf archer (Crypt:3)
  A deep elf zephyrmancer (Elf:1)
  2 titan simulacra
  A bunyip simulacrum (Hell)
  2 bloated husks
  A jumping spider (Spider:3)
  A centaur simulacrum (Coc:1)
  A ynoxinul (Pan)
  A wyvern (Zig:2)
  A chaos spawn (Swamp:3)
  A harpy simulacrum (Coc:6)
  A hydra simulacrum (Coc:7)
  A swamp drake (Zig:9)
  A slime creature simulacrum (IceCv)
  2 orcs (Orc:2)
  A briar patch (Swamp:4)
  2 fire vortices (Pan)
  6 foxfires
  25 fungi
  46 plants
  9 starspawn tentacles
133 creatures vanquished.

Grand Total: 4780 creatures vanquished

Notes
Turn   | Place    | Note
-------+----------+-------------------------------------------
     0 | D:1      | alhimik the Hill Orc Fighter began the quest for the Orb.
     0 | D:1      | Reached XP level 1. HP: 19/19 MP: 1/1
     6 | D:1      | Found Lyiz's Antique Weapon Shop.
    68 | D:1      | Reached XP level 2. HP: 27/27 MP: 2/2
    69 | D:1      | Found a faded altar of an unknown god.
   774 | D:2      | Reached XP level 3. HP: 32/33 MP: 1/3
  1328 | D:2      | Reached XP level 4. HP: 39/40 MP: 4/4
  1966 | D:3      | Found a blossoming altar of Fedhas.
  2088 | D:3      | Noticed Sigmund
  2124 | D:3      | Killed Sigmund
  2125 | D:3      | Reached skill level 5 in Fighting
  2125 | D:3      | Reached skill level 5 in Axes
  2125 | D:3      | Reached XP level 5. HP: 34/48 MP: 5/5
  2125 | D:3      | Reached XP level 6. HP: 40/56 MP: 6/6
  2248 | D:3      | Found a shadowy altar of Dithmenos.
  2433 | D:3      | Found a broken altar of Ashenzari.
  2480 | D:3      | Noticed a +3 dagger
  2483 | D:3      | Noticed a +0 hand axe
  2487 | D:3      | Found a hide-covered altar of Uskayaw.
  3243 | D:4      | Noticed Grinder
  3253 | D:4      | Killed Grinder
  3254 | D:4      | Reached skill level 5 in Armour
  3254 | D:4      | Reached XP level 7. HP: 33/62 MP: 7/7
  3547 | D:4      | Found a shimmering altar of Xom.
  3557 | D:4      | Noticed Robin
  3570 | D:4      | Killed Robin
  3726 | D:4      | Found a snail-covered altar of Cheibriados.
  3865 | D:4      | Noticed Natasha
  3872 | D:4      | Killed Natasha
  4051 | D:5      | Entered Level 5 of the Dungeon
  4315 | D:5      | Reached XP level 8. HP: 64/71 MP: 8/8
  5020 | D:5      | Found a staircase to the Ecumenical Temple.
  5082 | Temple   | Entered the Ecumenical Temple
  5091 | Temple   | Became a worshipper of Warmaster Okawaru
  6141 | D:6      | Reached skill level 10 in Axes
  6288 | D:6      | Noticed Eustachio
  6312 | D:6      | Noticed Menkaure
  6333 | D:5      | Killed Eustachio
  6333 | D:5      | Reached * piety under Okawaru
  6334 | D:5      | Reached XP level 9. HP: 70/79 MP: 9/9
  6383 | D:5      | Killed Menkaure
  6572 | D:6      | Found Siuqom's Vocational Training.
  6739 | D:6      | Noticed Pikel
  6772 | D:5      | Gained mutation: Your magical capacity is low. (-10% MP)
                  | [potion of mutation]
  6779 | D:5      | HP: 4/81 [poisoned by an adder]
  7107 | D:5      | Killed Pikel
  7295 | D:6      | Found Nuloc's Distillery.
  7302 | D:6      | Bought a potion of heal wounds for 60 gold pieces
  7302 | D:6      | Bought a potion of curing for 36 gold pieces
  7336 | D:6      | Reached ** piety under Okawaru
  7546 | D:6      | Found a white marble altar of Elyvilon.
  7743 | D:6      | Lost mutation: Your magical capacity is low. (-10% MP)
                  | [potion of mutation]
  7743 | D:6      | Gained mutation: Your flesh is cold resistant. (rC+)
                  | [potion of mutation]
  7743 | D:6      | Gained mutation: You are occasionally teleported next to
                  | monsters. [potion of mutation]
  7743 | D:6      | Gained mutation: Your magical capacity is low. (-10% MP)
                  | [potion of mutation]
  7743 | D:6      | Gained mutation: You are somewhat resistant to further
                  | mutation. [potion of mutation]
  7744 | D:6      | Lost mutation: You are somewhat resistant to further
                  | mutation. [potion of mutation]
  7744 | D:6      | Lost mutation: Your flesh is cold resistant. (rC+) [potion
                  | of mutation]
  7744 | D:6      | Lost mutation: You are occasionally teleported next to
                  | monsters. [potion of mutation]
  7744 | D:6      | Gained mutation: Your body sometimes deteriorates upon
                  | taking damage. [potion of mutation]
  7744 | D:6      | Gained mutation: You are partially covered in iridescent
                  | scales. (AC +2) [potion of mutation]
  7744 | D:6      | Gained mutation: You passively map a small area around you.
                  | [potion of mutation]
  8105 | D:7      | Noticed Joseph
  8158 | D:7      | Reached XP level 10. HP: 60/91 MP: 9/9
  8158 | D:7      | Killed Joseph
  8336 | D:7      | Found a hazy altar of Hepliaklqana.
  8450 | D:7      | Found a runed translucent door.
  8451 | D:7      | Noticed Crazy Yiuf
  8526 | D:7      | Killed Crazy Yiuf
  8656 | D:8      | Reached *** piety under Okawaru
  8694 | D:8      | Found a shimmering blue altar of Sif Muna.
  9925 | D:9      | Noticed a two-headed ogre
  9932 | D:8      | Reached **** piety under Okawaru
 10202 | D:9      | Reached skill level 10 in Fighting
 10325 | D:9      | Found Ofyuxiz's Armour Emporium.
 10333 | D:9      | Bought a +1 helmet for 172 gold pieces
 11202 | D:8      | Reached skill level 15 in Axes
 11447 | D:9      | Reached XP level 11. HP: 71/99 MP: 8/9
 11683 | D:9      | Reached ***** piety under Okawaru
 11814 | D:9      | Killed a two-headed ogre
 11815 | D:9      | Reached skill level 10 in Armour
 12316 | D:10     | Entered Level 10 of the Dungeon
 12455 | D:10     | Noticed a deep elf pyromancer
 12581 | D:10     | Killed a deep elf pyromancer
 12581 | D:10     | Identified the +1 pair of gloves of Duty {Dex+2} (Okawaru
                  | gifted it to you on level 10 of the Dungeon)
 12581 | D:10     | Received a gift from Okawaru
 12582 | D:10     | Reached skill level 1 in Throwing
 12730 | D:10     | Noticed a manticore
 12738 | D:10     | Killed a manticore
 12987 | D:10     | Found a staircase to the Lair.
 13028 | D:10     | Found a roughly hewn altar of Beogh.
 13051 | D:10     | Noticed an orc knight
 13189 | D:10     | Killed an orc knight
 13582 | D:10     | Found a staircase to the Orcish Mines.
 13614 | D:10     | Reached skill level 5 in Throwing
 14022 | Lair:1   | Entered Level 1 of the Lair of Beasts
 14315 | Lair:1   | Lost mutation: Your body sometimes deteriorates upon taking
                  | damage. [potion of mutation]
 14315 | Lair:1   | Lost mutation: Your magical capacity is low. (-10% MP)
                  | [potion of mutation]
 14315 | Lair:1   | Gained mutation: Your mind is acute. (Int +4, Str/Dex -1)
                  | [potion of mutation]
 14315 | Lair:1   | Gained mutation: Your skin changes colour to match your
                  | surroundings (Stealth+). [potion of mutation]
 14507 | Lair:1   | Reached skill level 5 in Invocations
 15267 | Lair:2   | Noticed Jingleheimer's ghost (journeyman MiFi)
 15272 | Lair:2   | Noticed a six-headed hydra
 15283 | Lair:2   | Received a gift from Okawaru
 15298 | Lair:1   | Reached XP level 12. HP: 56/106 MP: 10/18
 15765 | Lair:2   | Found a runed translucent gate.
 15765 | Lair:2   | Found a runed translucent gate.
 15765 | Lair:2   | Found a runed translucent gate.
 16090 | Lair:2   | Received a gift from Okawaru
 16091 | Lair:2   | Reached skill level 10 in Invocations
 16101 | Lair:2   | Identified the +1 ring mail of the Shrike {rC+ rN+ rCorr}
                  | (Okawaru gifted it to you on level 2 of the Lair of Beasts)
 16101 | Lair:2   | Received a gift from Okawaru
 16770 | Lair:3   | Noticed a seven-headed hydra
 17043 | Lair:3   | Killed a seven-headed hydra
 17529 | Lair:3   | Noticed a boulder beetle
 17547 | Lair:3   | Killed a boulder beetle
 17548 | Lair:3   | Reached skill level 5 in Shields
 17629 | Lair:3   | Found a hole to the Spider Nest.
 17860 | Lair:3   | Noticed an eight-headed hydra
 17876 | Lair:3   | Killed an eight-headed hydra
 18104 | Lair:3   | Noticed a five-headed hydra
 18121 | Lair:3   | Killed a seven-headed hydra
 18812 | Lair:3   | Found a staircase to the Swamp.
 19259 | Lair:4   | Reached XP level 13. HP: 98/113 MP: 18/21
 19589 | Lair:4   | Received a gift from Okawaru
 20166 | Lair:4   | Noticed Sonja
 20175 | Lair:4   | Killed Sonja
 20190 | Lair:4   | Received a gift from Okawaru
 20798 | Lair:4   | Found a viscous altar of Jiyva.
 21272 | Lair:4   | Found a staircase to the Slime Pits.
 21591 | Lair:5   | Entered Level 5 of the Lair of Beasts
 22360 | Lair:4   | Received a gift from Okawaru
 22388 | Lair:4   | Reached skill level 10 in Throwing
 22471 | Lair:4   | Paralysed by a hornet for 2 turns
 22955 | Lair:5   | Paralysed by a hornet for 2 turns
 22961 | Lair:4   | Reached skill level 10 in Shields
 23305 | Lair:5   | Received a gift from Okawaru
 23320 | Lair:5   | Reached skill level 1 in Dodging
 23547 | Lair:5   | Received a gift from Okawaru
 24038 | Lair:4   | Received a gift from Okawaru
 24150 | Lair:5   | Reached XP level 14. HP: 94/122 MP: 17/22
 24281 | Lair:5   | Identified the +1 pair of boots of Fuoschy {+Blink Will++
                  | Regen+} (Okawaru gifted it to you on level 5 of the Lair of
                  | Beasts)
 24281 | Lair:5   | Received a gift from Okawaru
 24589 | Lair:5   | Noticed Nessos
 24604 | Lair:5   | Killed Nessos
 24940 | Lair:5   | Identified the +7 trident "Transmigrator" {freeze, rElec
                  | rC+++ Stlth-}
 24962 | Lair:5   | Identified the +4 chain mail of the Salmon {rElec rF+
                  | Will+}
 26014 | Lair:4   | Reached skill level 5 in Dodging
 26493 | D:11     | Received a gift from Okawaru
 26652 | D:11     | Found an ancient bone altar of Kikubaaqudgha.
 26982 | D:11     | Identified the amulet of Jotiso {Reflect Str+5 Dex+3 SH+5}
 27346 | D:11     | Noticed Nergalle
 27360 | D:11     | Killed Nergalle
 27360 | D:11     | Received a gift from Okawaru
 27662 | D:11     | Noticed Gastronok
 27678 | D:11     | Killed Gastronok
 27869 | D:12     | Received a gift from Okawaru
 27899 | D:12     | Reached XP level 15. HP: 132/132 MP: 24/24
 27999 | D:12     | Identified the +9 spear of the Present {freeze, rF- MP+9
                  | Dex+3}
 28625 | D:12     | Found a portal to a secret trove of treasure.
 29062 | D:13     | Found a corrupted altar of Lugonu.
 29063 | D:13     | Found a corrupted altar of Lugonu.
 29063 | D:13     | Found a one-way gate to the infinite horrors of the Abyss.
 29066 | D:13     | Noticed a tentacled starspawn
 29066 | D:13     | Noticed a tentacled starspawn
 29078 | D:13     | Killed a tentacled starspawn
 29084 | D:13     | Killed a tentacled starspawn
 29084 | D:13     | Received a gift from Okawaru
 29155 | D:13     | Found the +8 demon trident "Rift" {distort, reach+}
 29617 | D:14     | Noticed Azrael
 29625 | D:14     | Found an iron altar of Okawaru.
 29633 | D:14     | Killed Azrael
 29923 | D:14     | Reached ****** piety under Okawaru
 29923 | D:14     | Received a gift from Okawaru
 29923 | D:14     | Found the +14 obsidian axe {vorpal, Mesm Drain Fly SInv}
 29947 | D:14     | You fall into a shaft and drop 1 floor!
 29947 | D:15     | Entered Level 15 of the Dungeon
 29974 | D:15     | Reached skill level 10 in Dodging
 30001 | D:15     | Found a staircase to the Depths.
 30243 | D:14     | Noticed Kirke
 30250 | D:14     | Reached XP level 16. HP: 132/139 MP: 19/25
 30259 | D:14     | Received a gift from Okawaru
 30265 | D:14     | Killed Kirke
 30331 | D:14     | Found a gate to the Vaults.
 30612 | D:15     | Found a roughly hewn altar of Beogh.
 30970 | Orc:1    | Entered Level 1 of the Orcish Mines
 31176 | Orc:2    | Entered Level 2 of the Orcish Mines
 31417 | Orc:2    | Found Kodoh's Magic Scroll Shoppe.
 31434 | Orc:2    | Found a burning altar of Makhleb.
 31456 | Orc:2    | Bought a scroll of identify for 28 gold pieces
 31456 | Orc:2    | Bought a scroll of identify for 28 gold pieces
 31456 | Orc:2    | Bought a scroll of magic mapping for 105 gold pieces
 31456 | Orc:2    | Identified 2 scrolls of acquirement
 31458 | Orc:2    | Bought a scroll of identify for 28 gold pieces
 31458 | Orc:2    | Bought a scroll of identify for 28 gold pieces
 31459 | Orc:2    | Acquired 1001 gold pieces
 31461 | Orc:2    | Acquired the +1 cloak of Distant Worlds {rC++ Int-2}
 32125 | Orc:2    | Found a staircase to the Elven Halls.
 32157 | Orc:2    | Found a transporter.
 32167 | Orc:2    | Noticed LustLizard's ghost (journeyman MiFi)
 32268 | Orc:2    | Found a transporter.
 32356 | Orc:2    | Received a gift from Okawaru
 32511 | Orc:2    | Found Buru Pocw's General Store.
 32512 | Orc:2    | Found Hias Xazirek's Book Boutique.
 32518 | Orc:2    | Found Fedoolydgh's Antique Armour Shop.
 32518 | Orc:2    | Found Wuphuusm's Antique Weapon Shop.
 32533 | Orc:2    | Bought a potion of heal wounds for 80 gold pieces
 32575 | Orc:2    | Noticed Rupert
 32576 | Arena    | Entered the Arena
 32594 | Arena    | Killed Rupert
 32702 | Orc:2    | Lost mutation: Your mind is acute. (Int +4, Str/Dex -1) [a
                  | neqoxec]
 32861 | Orc:2    | Killed LustLizard's ghost
 33222 | D:1      | Bought the +9 staff of Wucad Mu {*channel} for 2300 gold
                  | pieces
 33222 | D:1      | Found the +9 staff of Wucad Mu {*channel}
 33522 | D:12     | You paid a toll of the staff of Wucad Mu to enter a
                  | treasure trove
 33523 | Trove    | Entered a treasure trove
 33528 | Trove    | Found the +8 longbow "Zephyr" {speed, Dex+3 SInv}
 33541 | Trove    | Identified the +9 plate armour "Livvio" {rElec rC+}
 33551 | Trove    | Identified the +6 scale mail of Virtue {Str+6}
 33553 | Trove    | Identified the +11 broad axe "Iddu Viedgh" {elec, rF+ rC+}
 33701 | Orc:2    | Bought a scroll of enchant armour for 105 gold pieces
 33701 | Orc:2    | Bought a scroll of teleportation for 42 gold pieces
 33984 | D:6      | Bought a manual of Evocations for 1040 gold pieces
 34150 | Spider:1 | Entered Level 1 of the Spider Nest
 34161 | Spider:1 | Noticed Mlioglotl
 34175 | Spider:1 | Killed Mlioglotl
 34192 | Spider:1 | Noticed Agnes
 34211 | Spider:1 | Killed Agnes
 34222 | Spider:1 | Reached skill level 5 in Evocations
 34271 | Spider:1 | Found a frozen archway.
 34285 | IceCv    | Entered an ice cave
 34316 | IceCv    | Received a gift from Okawaru
 34373 | IceCv    | Received a gift from Okawaru
 34561 | IceCv    | Found a viscous altar of Jiyva.
 34561 | IceCv    | Noticed a rockslime
 34561 | IceCv    | Noticed an azure jelly
 34561 | IceCv    | Noticed an azure jelly
 34562 | Arena    | Entered the Arena
 34569 | Arena    | Killed an azure jelly
 34605 | IceCv    | Killed a rockslime
 34606 | IceCv    | Killed an azure jelly
 34606 | IceCv    | Received a gift from Okawaru
 34610 | IceCv    | Reached XP level 17. HP: 97/148 MP: 2/26
 34617 | IceCv    | Reached skill level 10 in Evocations
 34759 | IceCv    | Identified the +1 pair of boots of Casyra {rPois Regen+}
 35208 | Spider:1 | Acquired the +0 helmet of Eternity {rElec rC+ Str-2}
 35310 | Spider:1 | Received a gift from Okawaru
 35332 | Spider:1 | Upgraded the game from 0.29.1-14-g9c671dbff4 to
                  | 0.29.1-15-g9cfb28693d
 36153 | Spider:2 | Noticed Louise
 36171 | Spider:2 | Killed Louise
 36172 | Spider:2 | Reached skill level 15 in Armour
 36486 | Spider:2 | Noticed Aizul
 36514 | Spider:2 | Killed Aizul
 36709 | Spider:2 | You fall into a shaft and drop 1 floor!
 37526 | Spider:3 | Received a gift from Okawaru
 37650 | Spider:3 | Identified the ring "Bomen" {+Blink rC+ Str+4 Dex+5 Stlth-}
 38209 | Spider:4 | Entered Level 4 of the Spider Nest
 38442 | Spider:4 | Noticed Asterion
 38468 | Spider:4 | Noticed an Executioner
 38474 | Spider:4 | Killed Asterion
 39062 | Spider:4 | Received a gift from Okawaru
 39182 | Spider:4 | Reached XP level 18. HP: 161/161 MP: 3/27
 39206 | Spider:4 | Reached skill level 15 in Fighting
 39757 | Spider:4 | Received a gift from Okawaru
 39803 | Spider:4 | Got a gossamer rune of Zot
 40146 | Swamp:1  | Entered Level 1 of the Swamp
 40156 | Swamp:1  | Received a gift from Okawaru
 40465 | Swamp:1  | Reached skill level 15 in Shields
 40718 | Swamp:1  | Received a gift from Okawaru
 41406 | Swamp:2  | Noticed Jorgrun
 41417 | Swamp:2  | Killed Jorgrun
 42028 | Swamp:3  | Found the ring of the Hare {EV+8}
 42857 | Swamp:4  | Entered Level 4 of the Swamp
 42918 | Swamp:3  | Received a gift from Okawaru
 43206 | Swamp:4  | Received a gift from Okawaru
 43485 | Swamp:4  | Identified the +9 mace of Watchfulness {drain, rElec rN+
                  | MP+9 Dex+2}
 43760 | Swamp:4  | Received a gift from Okawaru
 43761 | Swamp:4  | Reached XP level 19. HP: 170/170 MP: 29/29
 44259 | Swamp:4  | Received a gift from Okawaru
 44260 | Swamp:4  | Reached skill level 15 in Invocations
 44292 | Swamp:4  | Got a decaying rune of Zot
 44333 | Swamp:4  | Noticed a tentacled monstrosity
 44354 | Swamp:4  | Killed a tentacled monstrosity
 44651 | Vaults:1 | Entered Level 1 of the Vaults
 44691 | Vaults:1 | Received a gift from Okawaru
 45454 | Vaults:1 | Received a gift from Okawaru
 45523 | Vaults:1 | Received a gift from Okawaru
 45640 | Vaults:1 | Received a gift from Okawaru
 45803 | Vaults:1 | Received a gift from Okawaru
 46188 | Vaults:1 | Reached skill level 15 in Evocations
 46262 | Vaults:1 | Received a gift from Okawaru
 46295 | Vaults:1 | Reached XP level 20. HP: 172/178 MP: 31/31
 46299 | Vaults:1 | Identified the +4 tower shield of the Weaver {Rampage Fly
                  | rPois} (Okawaru gifted it to you on level 1 of the Vaults)
 46299 | Vaults:1 | Received a gift from Okawaru
 46546 | Vaults:2 | Found Cizxurphutu's Weapon Boutique.
 46973 | Vaults:2 | Identified the +8 falchion "Tuomaor" {vorpal, Will+ Str+2
                  | Dex-3}
 47008 | Vaults:2 | Found Enaotwoa's Weapon Shop.
 47087 | Vaults:2 | Found Aruygh's Distillery.
 47099 | Vaults:2 | Bought a potion of haste for 130 gold pieces
 47216 | Vaults:2 | Received a gift from Okawaru
 47344 | Vaults:2 | Identified the +5 hand axe "Wiwaduucva" {vorpal, Will++}
                  | (Okawaru gifted it to you on level 2 of the Vaults)
 47344 | Vaults:2 | Received a gift from Okawaru
 47467 | Vaults:2 | Found Suapsin's General Store.
 47475 | Vaults:2 | Bought 2 potions of invisibility for 224 gold pieces
 48034 | Vaults:3 | Identified the +1 plate armour "Etaac" {Int+4 Slay+2
                  | Stlth+}
 48036 | Vaults:3 | Found a runed translucent gate.
 48036 | Vaults:3 | Found a runed translucent gate.
 48036 | Vaults:3 | Found a runed translucent gate.
 48036 | Vaults:3 | Noticed Sianeop's ghost (adept GrFi)
 48103 | Vaults:3 | Found Nacilaos's Magic Scroll Emporium.
 48114 | Vaults:3 | Bought a scroll of teleportation for 57 gold pieces
 48172 | Vaults:3 | Noticed Jory
 48200 | Vaults:3 | Killed Jory
 48273 | Vaults:3 | Received a gift from Okawaru
 48309 | Vaults:3 | Noticed Bai Suzhen
 48322 | Arena    | Entered the Arena
 48330 | Arena    | Killed Bai Suzhen
 48542 | Vaults:3 | Received a gift from Okawaru
 48567 | Vaults:3 | Reached XP level 21. HP: 184/184 MP: 26/32
 48674 | Vaults:3 | Reached skill level 15 in Dodging
 48834 | Vaults:3 | Received a gift from Okawaru
 48880 | Vaults:3 | Found a staircase to the Crypt.
 49022 | Vaults:3 | Identified the amulet "Zires" {Reflect rN+++ Str-2 Int+2
                  | Dex-3 SH+5}
 49072 | Vaults:3 | Received a gift from Okawaru
 49436 | Vaults:3 | Identified the +1 robe of the Flying Gods {Fly Will+ rCorr
                  | Str+3}
 49439 | Vaults:3 | Found a roughly hewn altar of Beogh.
 49873 | Vaults:4 | Received a gift from Okawaru
 50165 | Vaults:4 | Received a gift from Okawaru
 50187 | Vaults:4 | Identified the +5 ring mail of Temperance {Harm Int+4 Dex-2
                  | SInv} (Okawaru gifted it to you on level 4 of the Vaults)
 50187 | Vaults:4 | Received a gift from Okawaru
 50770 | Vaults:5 | Entered Level 5 of the Vaults
 50788 | Vaults:5 | Reached XP level 22. HP: 201/201 MP: 26/33
 50797 | Vaults:5 | Noticed a golden dragon
 50817 | Vaults:5 | Killed a golden dragon
 50818 | Vaults:5 | Received a gift from Okawaru
 50818 | Vaults:5 | Noticed a golden dragon
 50832 | Vaults:5 | Killed a golden dragon
 50832 | Vaults:5 | Identified the +9 crystal plate armour of Cigidori {-Cast
                  | Will+ Stlth+} (Okawaru gifted it to you on level 5 of the
                  | Vaults)
 50832 | Vaults:5 | Received a gift from Okawaru
 51060 | Vaults:5 | Got Rebbet's Almanac of Alluring Toxins
 51067 | Vaults:5 | Got a silver rune of Zot
 51092 | Vaults:5 | Got Sif Muna's Textbook on Metal and the Nimbus
 51096 | Vaults:5 | Identified the amulet of Joickaq {Faith rCorr}
 51534 | Vaults:5 | Identified the +4 chain mail of Baettiopo {rElec Str-5
                  | Int+10}
 52039 | Vaults:3 | Killed Sianeop's ghost
 52405 | Slime:1  | Entered Level 1 of the Pits of Slime
 52417 | Slime:1  | Reached XP level 23. HP: 215/215 MP: 34/34
 52950 | Slime:2  | Gained mutation: You do not regenerate when monsters are
                  | visible. [a shining eye]
 53171 | Slime:1  | Received a gift from Okawaru
 54445 | Slime:5  | Entered Level 5 of the Pits of Slime
 54592 | Slime:5  | Noticed the Royal Jelly
 54614 | Slime:5  | Killed the Royal Jelly
 54837 | Slime:5  | Found the +5 demon whip "Spellbinder" {antimagic, Will+}
 54890 | Slime:5  | Identified the +4 dire flail of Severance {vamp, *Rage
                  | Dex+7 Stlth+}
 54920 | Slime:5  | Got a slimy rune of Zot
 54924 | Slime:5  | Got Surpha Huro's Codex of Malignant Secrets and Combustion
 54997 | Slime:5  | Identified the +5 short sword of Conflict {vorpal, Will+
                  | rCorr Str+3}
 55242 | Slime:4  | Gained mutation: Armour fits poorly on your strangely
                  | shaped body. [a shining eye]
 55643 | Slime:3  | Received a gift from Okawaru
 55801 | Slime:4  | Lost mutation: You do not regenerate when monsters are
                  | visible. [potion of mutation]
 55801 | Slime:4  | Lost mutation: Armour fits poorly on your strangely shaped
                  | body. [potion of mutation]
 55801 | Slime:4  | Lost mutation: Your skin changes colour to match your
                  | surroundings (Stealth+). [potion of mutation]
 55801 | Slime:4  | Lost mutation: You are partially covered in iridescent
                  | scales. (AC +2) [potion of mutation]
 55801 | Slime:4  | Gained mutation: Your magical capacity is low. (-10% MP)
                  | [potion of mutation]
 55801 | Slime:4  | Gained mutation: You are agile. (Dex +4, Str/Int -1)
                  | [potion of mutation]
 56032 | Elf:1    | Entered Level 1 of the Elven Halls
 56032 | Elf:1    | Found a radiant altar of Vehumet.
 56186 | Lair:2   | Killed Jingleheimer's ghost
 56199 | Lair:2   | Identified the +4 giant spiked club of Arrival {drain,
                  | *Slow rC+ rN+}
 56339 | Elf:1    | Identified the +5 ring mail of Failure {*Slow rPois rCorr
                  | Str+3}
 56377 | Elf:1    | Identified the +1 hat of the Heavens {Str+4}
 56414 | Elf:1    | Found Doda's Self-Improvement Boutique.
 56422 | Elf:1    | Bought a manual of Dodging for 1520 gold pieces
 57260 | Elf:2    | Found Garalim's Antique Armour Shop.
 57427 | Elf:2    | Found a runed translucent gate.
 57427 | Elf:2    | Found a runed translucent gate.
 57427 | Elf:2    | Found a runed translucent gate.
 57820 | Elf:2    | Identified the +1 pair of boots of the Komodo Dragon
                  | {Int+4} (Okawaru gifted it to you on level 2 of the Elven
                  | Halls)
 57820 | Elf:2    | Received a gift from Okawaru
 58016 | Elf:2    | Reached XP level 24. HP: 224/224 MP: 30/30
 58179 | Elf:3    | Entered Level 3 of the Elven Halls
 58182 | Elf:3    | Paralysed by an air elemental for 1 turns
 58448 | Elf:3    | Paralysed by an air elemental for 1 turns
 58893 | Elf:3    | Identified the +1 robe of Grace {rC+ rN+ Str+3}
 58901 | Elf:3    | Identified the +1 spear "Conservator" {vamp, rElec Str+6
                  | Int-3 Stlth+}
 58901 | Elf:3    | Identified the ring of the Barracuda {+Blink AC+4 Str-3
                  | Slay+3 Stlth+}
 59034 | Elf:3    | Identified the +9 spear "Qanujuix" {holy, Fly rF+ Int+3}
 59034 | Elf:3    | Identified the +2 robe of Valiance {rF+ Will+ MP+9}
 59117 | Elf:3    | Identified the +9 morningstar of Radicalism {elec, Drain
                  | rC+++ rN++ Dex-5}
 59765 | Depths:1 | Entered Level 1 of the Depths
 59772 | Depths:1 | Received a gift from Okawaru
 59772 | Depths:1 | Found the +3 pair of gauntlets of War {Slay+5}
 60373 | Depths:1 | Found a shimmering altar of Xom.
 60375 | Depths:1 | Found a shimmering altar of Xom.
 60376 | Depths:1 | Found a shimmering altar of Xom.
 60376 | Depths:1 | Found a shimmering altar of Xom.
 60398 | Depths:1 | Noticed Sojobo
 60399 | Arena    | Entered the Arena
 60415 | Arena    | Killed Sojobo
 60574 | Depths:1 | Found a one-way gate leading to the halls of Pandemonium.
 60589 | Depths:1 | Found Lutuschuv's Magic Scroll Boutique.
 60593 | Depths:1 | Bought a scroll of silence for 171 gold pieces
 60593 | Depths:1 | Bought a scroll of fog for 72 gold pieces
 60593 | Depths:1 | Bought a scroll of poison for 72 gold pieces
 60679 | Depths:1 | Found a gateway to Hell.
 60845 | Depths:1 | Reached skill level 15 in Throwing
 61146 | Depths:1 | Found a glowing golden altar of the Shining One.
 61354 | Depths:2 | Identified the ring of Jikhliogh {Ice rN+ Dex+4}
 61354 | Depths:2 | Noticed Josephina
 61356 | Arena    | Entered the Arena
 61378 | Arena    | Killed Josephina
 61751 | Depths:2 | Identified the +2 cloak of Zot Ybup {Will+} (Okawaru gifted
                  | it to you on level 2 of the Depths)
 61751 | Depths:2 | Received a gift from Okawaru
 62005 | Depths:2 | Reached XP level 25. HP: 231/231 MP: 27/30
 62062 | Depths:2 | Found Moniymog's Book Emporium.
 63257 | Depths:3 | Found the ring of the Octopus King {rC+ HP+2 AC+2 EV+2
                  | SH+2}
 63454 | Depths:3 | Noticed a juggernaut
 63470 | Depths:3 | Killed a juggernaut
 63501 | Depths:3 | Noticed a juggernaut
 63517 | Depths:3 | Killed a juggernaut
 63839 | Depths:4 | Entered Level 4 of the Depths
 63839 | Depths:4 | Noticed the Enchantress
 63844 | Depths:4 | Killed the Enchantress
 63921 | Depths:4 | Received a gift from Okawaru
 63951 | Depths:4 | Received a gift from Okawaru
 64010 | Depths:4 | Noticed an ancient lich
 64023 | Depths:4 | Killed an ancient lich
 64035 | Depths:4 | Received a gift from Okawaru
 64214 | Depths:4 | Got Ulokit's Volume of Blasphemous Magic
 64310 | Depths:4 | Received a gift from Okawaru
 64361 | Depths:4 | Received a gift from Okawaru
 64430 | Depths:4 | Received a gift from Okawaru
 64457 | Depths:4 | Found a gate to the Realm of Zot.
 64566 | Depths:4 | Found a one-way gateway to a ziggurat.
 64700 | Depths:4 | Reached XP level 26. HP: 124/239 MP: 30/30
 64879 | Depths:4 | Found Uleqeojy's Book Emporium.
 64879 | Depths:4 | Found Gymis's Jewellery Shop.
 64985 | Depths:1 | Fell from the grace of Okawaru
 64985 | Depths:1 | Became a worshipper of the Shining One
 65397 | Depths:4 | Found Houh's Jewellery Shop.
 65550 | Zot:1    | Entered Level 1 of the Realm of Zot
 65756 | Zot:1    | Noticed Grunn
 65762 | Zot:1    | Reached * piety under the Shining One
 65813 | Zot:1    | Killed Grunn
 66006 | Zot:1    | Found a runed translucent door.
 66007 | Zot:1    | Noticed stpyramids's ghost (legendary DDFi)
 67127 | Zot:1    | Reached ** piety under the Shining One
 69926 | D:6      | Bought a manual of Invocations for 1040 gold pieces
 70690 | Zot:2    | Reached skill level 1 in Ranged Weapons
 70725 | Zot:2    | Identified the +3 ring mail "Mecomet" {Dex+4}
 71080 | Zot:3    | Reached *** piety under the Shining One
 71560 | Zot:3    | Noticed an orb of fire
 71571 | Zot:3    | Gained mutation: You occasionally lose the ability to drink
                  | potions when taking damage. [an orb of fire]
 71747 | Zot:3    | Gained mutation: You do not regenerate when monsters are
                  | visible. [an orb of fire]
 71755 | Zot:2    | Killed an orb of fire
 72080 | Zot:3    | Lost mutation: Your magical capacity is low. (-10% MP)
                  | [potion of mutation]
 72080 | Zot:3    | Lost mutation: You are agile. (Dex +4, Str/Int -1) [potion
                  | of mutation]
 72080 | Zot:3    | Lost mutation: You passively map a small area around you.
                  | [potion of mutation]
 72080 | Zot:3    | Gained mutation: You are robust. (+10% HP) [potion of
                  | mutation]
 72080 | Zot:3    | Lost mutation: You are robust. (+10% HP) [potion of
                  | mutation]
 72080 | Zot:3    | Gained mutation: Your muscles are strong. (Str +4, Int/Dex
                  | -1) [potion of mutation]
 72080 | Zot:3    | Gained mutation: You have an increased reservoir of magic.
                  | (+10% MP) [potion of mutation]
 72081 | Zot:3    | Lost mutation: Your muscles are strong. (Str +4, Int/Dex
                  | -1) [potion of mutation]
 72081 | Zot:3    | Lost mutation: You do not regenerate when monsters are
                  | visible. [potion of mutation]
 72081 | Zot:3    | Lost mutation: You occasionally lose the ability to drink
                  | potions when taking damage. [potion of mutation]
 72081 | Zot:3    | Gained mutation: Your body sometimes deteriorates upon
                  | taking damage. [potion of mutation]
 72081 | Zot:3    | Gained mutation: Your muscles are strong. (Str +4, Int/Dex
                  | -1) [potion of mutation]
 72081 | Zot:3    | Gained mutation: You are covered in fur. (AC +1) [potion of
                  | mutation]
 72081 | Zot:3    | Gained mutation: You are partially covered in iridescent
                  | scales. (AC +2) [potion of mutation]
 72245 | Zot:3    | Identified the +10 dagger of Dishonour {drain, rF+ rC+}
 72246 | Zot:3    | Got the Omnibus of The Black Sun
 74209 | Zot:4    | Reached **** piety under the Shining One
 74230 | Zot:4    | Reached XP level 27. HP: 242/256 MP: 39/39
 75916 | Zot:5    | Entered Level 5 of the Realm of Zot
 76369 | Zot:5    | Reached skill level 5 in Ranged Weapons
 77001 | Crypt:1  | Entered Level 1 of the Crypt
 77009 | Crypt:1  | Reached ***** piety under the Shining One
 77148 | Crypt:1  | Found a transporter.
 77197 | Crypt:1  | Found a radiant altar of Vehumet.
 77320 | Crypt:1  | Noticed a dread lich
 77320 | Crypt:1  | Reached ****** piety under the Shining One
 77676 | D:12     | Identified a +9 broad axe of holy wrath (a +9 vampiric
                  | broad axe blessed by the Shining One)
 77676 | D:12     | Received a gift from the Shining One
 78124 | Crypt:1  | Killed a dread lich
 78143 | Crypt:1  | Found a transporter.
 79070 | Crypt:2  | Noticed Saint Roka
 79091 | Crypt:2  | Killed Saint Roka
 79423 | Crypt:3  | Entered Level 3 of the Crypt
 79441 | Crypt:3  | Found a staircase to the Tomb.
 79458 | Crypt:3  | Found an ancient bone altar of Kikubaaqudgha.
 79637 | Crypt:3  | Noticed Zenata
 79647 | Crypt:3  | Killed Zenata
 79743 | Crypt:3  | Found a basalt altar of Yredelemnul.
 79743 | Crypt:3  | Found an ancient bone altar of Kikubaaqudgha.
 79758 | Crypt:3  | Found the +5 robe of Misfortune {Harm *Corrode *Slow EV+5}
 79758 | Crypt:3  | Found the +13 scythe of Curses {drain, Drain}
 79823 | Crypt:3  | Identified the ring of Yhonneda {rC+ Str-3 Dex+6 Slay+4
                  | Stlth+}
 80481 | Vaults:1 | Was forgiven by Okawaru
 81206 | Depths:1 | Voluntarily entered the Abyss.
 81531 | Abyss:3  | Got an abyssal rune of Zot
 81647 | Depths:1 | Escaped the Abyss
 81872 | D:6      | Bought a potion of mutation for 96 gold pieces
 81872 | D:6      | Bought a potion of curing for 36 gold pieces
 81872 | D:6      | Bought a potion of haste for 120 gold pieces
 81872 | D:6      | Bought 2 potions of curing for 72 gold pieces
 82306 | Vaults:2 | Bought a potion of lignification for 39 gold pieces
 82306 | Vaults:2 | Bought a potion of mutation for 104 gold pieces
 82306 | Vaults:2 | Bought a potion of lignification for 39 gold pieces
 82306 | Vaults:2 | Bought a potion of cancellation for 104 gold pieces
 82306 | Vaults:2 | Bought a potion of magic for 104 gold pieces
 82879 | Pan      | Entered Pandemonium
 83163 | Pan      | Gained mutation: A frigid envelope surrounds you and
                  | freezes all who hurt you. [a cacodemon]
 83179 | Pan      | Found an exit through the horrors of the Abyss.
 83335 | Pan      | Gained mutation: You are occasionally teleported next to
                  | monsters. [a neqoxec]
 83347 | Pan      | Lost mutation: You have an increased reservoir of magic.
                  | (+10% MP) [potion of mutation]
 83347 | Pan      | Lost mutation: Your muscles are strong. (Str +4, Int/Dex
                  | -1) [potion of mutation]
 83347 | Pan      | Lost mutation: You are occasionally teleported next to
                  | monsters. [potion of mutation]
 83347 | Pan      | Gained mutation: Your muscles are strong. (Str +4, Int/Dex
                  | -1) [potion of mutation]
 83347 | Pan      | Gained mutation: You have hidden genetic potential. [potion
                  | of mutation]
 83347 | Pan      | Lost mutation: Your muscles are strong. (Str +4, Int/Dex
                  | -1) [potion of mutation]
 83347 | Pan      | Gained mutation: Your spells are a little harder to cast,
                  | but a little more powerful. [potion of mutation]
 83680 | Pan      | Noticed Wututs the pandemonium lord
 83695 | Pan      | Killed Wututs the pandemonium lord
 83971 | Depths:2 | Escaped Pandemonium
 84081 | Pan      | Entered Pandemonium
 84548 | Pan      | Noticed Wexzier the pandemonium lord
 84557 | Pan      | Killed Wexzier the pandemonium lord
 84724 | Pan      | Noticed Qifizxit the pandemonium lord
 84731 | Pan      | Killed Qifizxit the pandemonium lord
 84732 | Pan      | Gained mutation: You are clumsy. (Dex -2) [a cacodemon]
 84735 | Pan      | Gained mutation: You are frail. (-10% HP) [a cacodemon]
 84752 | Pan      | Gained mutation: You sometimes lose your temper in combat.
                  | [a cacodemon]
 84755 | Pan      | Lost mutation: You are clumsy. (Dex -2) [potion of
                  | mutation]
 84755 | Pan      | Lost mutation: You are partially covered in iridescent
                  | scales. (AC +2) [potion of mutation]
 84755 | Pan      | Lost mutation: You are covered in fur. (AC +1) [potion of
                  | mutation]
 84755 | Pan      | Gained mutation: You are partially covered in iridescent
                  | scales. (AC +2) [potion of mutation]
 84755 | Pan      | Gained mutation: Your system is resistant to poisons.
                  | (rPois) [potion of mutation]
 84755 | Pan      | Lost mutation: Your spells are a little harder to cast, but
                  | a little more powerful. [potion of mutation]
 84756 | Pan      | Lost mutation: You are partially covered in iridescent
                  | scales. (AC +2) [potion of mutation]
 84756 | Pan      | Lost mutation: You are frail. (-10% HP) [potion of
                  | mutation]
 84756 | Pan      | Lost mutation: You sometimes lose your temper in combat.
                  | [potion of mutation]
 84756 | Pan      | Gained mutation: You sometimes lose your temper in combat.
                  | [potion of mutation]
 84756 | Pan      | Gained mutation: You are partially covered in iridescent
                  | scales. (AC +2) [potion of mutation]
 84869 | Pan      | Lost mutation: You sometimes lose your temper in combat.
                  | [potion of mutation]
 84869 | Pan      | Lost mutation: Your body sometimes deteriorates upon taking
                  | damage. [potion of mutation]
 84869 | Pan      | Gained mutation: You are resistant to electric shocks.
                  | (rElec) [potion of mutation]
 84869 | Pan      | Lost mutation: You have hidden genetic potential. [potion
                  | of mutation]
 84869 | Pan      | Gained mutation: You possess an exceptional clarity of
                  | mind. [potion of mutation]
 85472 | Pan      | Noticed Tealiysegg the pandemonium lord
 85505 | Pan      | Killed Tealiysegg the pandemonium lord
 85506 | Pan      | Reached skill level 27 in Fighting
 85582 | Pan      | Entered the realm of Mnoleg.
 85599 | Pan      | Noticed Mnoleg
 85608 | Pan      | Paralysed by a floating eye for 3 turns
 85614 | Pan      | Killed Mnoleg
 85645 | Pan      | Paralysed by a floating eye for 4 turns
 85653 | Pan      | Paralysed by a floating eye for 3 turns
 85668 | Pan      | Gained mutation: Potions are less effective at restoring
                  | your health. [a cacodemon]
 85728 | Pan      | Got a glowing rune of Zot
 85858 | Pan      | Found an exit through the horrors of the Abyss.
 86262 | Pan      | Gained mutation: You are dopey. (Int -2) [a cacodemon]
 86477 | Pan      | Noticed Vibross the pandemonium lord
 86487 | Pan      | Killed Vibross the pandemonium lord
 86578 | Pan      | Found a runed translucent door.
 86622 | Pan      | Got a demonic rune of Zot
 87205 | Depths:2 | Escaped Pandemonium
 87622 | Pan      | Entered the realm of Gloorx Vloq.
 87622 | Pan      | Entered Pandemonium
 88657 | Pan      | Noticed Gloorx Vloq
 88673 | Pan      | Killed Gloorx Vloq
 88697 | Pan      | Got a dark rune of Zot
 88766 | Pan      | Lost mutation: Potions are less effective at restoring your
                  | health. [potion of mutation]
 88766 | Pan      | Lost mutation: You are partially covered in iridescent
                  | scales. (AC +2) [potion of mutation]
 88766 | Pan      | Lost mutation: You possess an exceptional clarity of mind.
                  | [potion of mutation]
 88766 | Pan      | Gained mutation: You possess an exceptional clarity of
                  | mind. [potion of mutation]
 88859 | Pan      | Identified the +3 short sword of the Heavens {vamp, rN+
                  | Str-2 Dex+4}
 89325 | Pan      | Entered the realm of Cerebov.
 89325 | Pan      | Found the +6 sword of Cerebov {flame}
 89325 | Pan      | Noticed Cerebov
 89573 | Pan      | Reached skill level 27 in Shields
 89600 | Pan      | Identified the +3 great mace of Ascent {protect, rC++ rN+
                  | Stlth-}
 89612 | Pan      | Identified the ring of Yrivuf {Ice Str+2 Int-4 Slay+4 SInv}
 89791 | Pan      | Identified the +0 ring mail of Limitation {rElec Str+8
                  | Stlth-}
 89831 | Pan      | Identified the +6 sling of Severance {venom, rPois rN+
                  | Will+ Dex+4}
 89898 | Pan      | Identified the +8 great mace of Spores {vorpal, rC+ SInv}
 89999 | Pan      | Killed Cerebov
 90010 | Pan      | Got a fiery rune of Zot
 90105 | Pan      | Found an exit through the horrors of the Abyss.
 90478 | Pan      | Identified the +1 pair of boots of Xinkogih {rF+}
 90486 | Pan      | Identified the +1 ring mail of Indemnity {rN+ Regen+}
 90619 | Depths:1 | Escaped Pandemonium
 90638 | Pan      | Entered Pandemonium
 90650 | Pan      | Identified the +4 great mace "Xomew" {drain, Fly rF+}
 90851 | Pan      | Entered the realm of Lom Lobon.
 90851 | Pan      | Noticed Lom Lobon
 90862 | Pan      | Killed Lom Lobon
 90909 | Pan      | Got a magical rune of Zot
 91144 | Pan      | Noticed Ignacio
 91148 | Pan      | Killed Ignacio
 92032 | Pan      | Noticed Oneseh the pandemonium lord
 92040 | Pan      | Killed Oneseh the pandemonium lord
 92117 | Pan      | Gained mutation: You occasionally lose the ability to read
                  | scrolls when taking damage. [a neqoxec]
 92121 | Pan      | Gained mutation: You are clumsy. (Dex -2) [a neqoxec]
 92386 | Pan      | Identified the +7 spear of Fortitude {vorpal, rN+ Int+4
                  | Dex-4}
 92391 | Pan      | Identified the +9 short sword of Interdependent Arising
                  | {vorpal, Fly rElec rCorr}
 92500 | Pan      | Noticed Qys Jirchoa the pandemonium lord
 92511 | Pan      | Killed Qys Jirchoa the pandemonium lord
 92831 | Pan      | Found an exit through the horrors of the Abyss.
 92840 | Pan      | Took an exit into the Abyss.
 92840 | Abyss:3  | Escaped into the Abyss
 92840 | Abyss:3  | Found a corrupted altar of Lugonu.
 92972 | Depths:1 | Escaped the Abyss
 92978 | Depths:1 | Lost mutation: You occasionally lose the ability to read
                  | scrolls when taking damage. [potion of mutation]
 92978 | Depths:1 | Lost mutation: You are clumsy. (Dex -2) [potion of
                  | mutation]
 92978 | Depths:1 | Lost mutation: You are resistant to electric shocks.
                  | (rElec) [potion of mutation]
 92978 | Depths:1 | Gained mutation: Your flesh is cold resistant. (rC+)
                  | [potion of mutation]
 92978 | Depths:1 | Lost mutation: Your flesh is cold resistant. (rC+) [potion
                  | of mutation]
 92978 | Depths:1 | Gained mutation: You have a pair of small antennae on your
                  | head. [potion of mutation]
 93019 | Hell     | Entered the Vestibule of Hell
 93019 | Hell     | Noticed Geryon
 93031 | Hell     | Killed Geryon
 93166 | Hell     | Found a gateway to the freezing wastes of Cocytus.
 93172 | Hell     | Paralysed by a wendigo for 1 turns
 93244 | Hell     | Found a gateway to the Iron City of Dis.
 93299 | Hell     | Found a gateway to the ashen valley of Gehenna.
 93527 | Hell     | Found a gateway to the decaying netherworld of Tartarus.
 93752 | Hell     | Lost mutation: You have a pair of small antennae on your
                  | head. [potion of mutation]
 93752 | Hell     | Lost mutation: A frigid envelope surrounds you and freezes
                  | all who hurt you. [potion of mutation]
 93752 | Hell     | Gained mutation: You have hidden genetic potential. [potion
                  | of mutation]
 93752 | Hell     | Gained mutation: You are agile. (Dex +4, Str/Int -1)
                  | [potion of mutation]
 93764 | Hell     | Lost mutation: You are agile. (Dex +4, Str/Int -1) [potion
                  | of mutation]
 93764 | Hell     | Lost mutation: You possess an exceptional clarity of mind.
                  | [potion of mutation]
 93764 | Hell     | Gained mutation: You are agile. (Dex +4, Str/Int -1)
                  | [potion of mutation]
 93765 | Hell     | Lost mutation: You are agile. (Dex +4, Str/Int -1) [potion
                  | of mutation]
 93765 | Hell     | Lost mutation: You have hidden genetic potential. [potion
                  | of mutation]
 93765 | Hell     | Lost mutation: Your system is resistant to poisons. (rPois)
                  | [potion of mutation]
 93765 | Hell     | Gained mutation: Your spells are a little easier to cast,
                  | but a little less powerful. [potion of mutation]
 93765 | Hell     | Gained mutation: You expend magic power (3 MP) to
                  | strengthen your wands. [potion of mutation]
 93765 | Hell     | Gained mutation: You have a pair of small antennae on your
                  | head. [potion of mutation]
 93766 | Hell     | Lost mutation: You expend magic power (3 MP) to strengthen
                  | your wands. [potion of mutation]
 93766 | Hell     | Lost mutation: You are dopey. (Int -2) [potion of mutation]
 93766 | Hell     | Lost mutation: You have a pair of small antennae on your
                  | head. [potion of mutation]
 93766 | Hell     | Gained mutation: You are partially covered in iridescent
                  | scales. (AC +2) [potion of mutation]
 93766 | Hell     | Gained mutation: You are agile. (Dex +4, Str/Int -1)
                  | [potion of mutation]
 93766 | Hell     | Gained mutation: You have a somewhat thin skeletal
                  | structure. (Dex +2, Stealth+) [potion of mutation]
 93775 | Tar:1    | Entered Level 1 of Tartarus
 95766 | Tar:7    | Entered Level 7 of Tartarus
 96054 | Tar:7    | Reached skill level 27 in Armour
 96174 | Tar:7    | Noticed Ereshkigal
 96236 | Tar:7    | Killed Ereshkigal
 96462 | Tar:7    | Identified the ring of the Morning {Str+4 Dex+6 Slay+2}
 96480 | Tar:7    | Noticed a dread lich
 96482 | Tar:7    | Noticed an ancient lich
 96483 | Tar:7    | Killed a dread lich
 96488 | Tar:7    | Killed an ancient lich
 96792 | Tar:7    | Identified the +4 morningstar of Tartarus {vorpal, rN+}
 96861 | Tar:7    | Noticed an ancient lich
 96866 | Tar:7    | Killed an ancient lich
 97054 | Tar:7    | Identified the +3 shortbow of Ynaruet {freeze, Str+6}
 97185 | Tar:7    | Got a bone rune of Zot
 97232 | Tar:7    | Identified the +9 trident of the Muttering Gods {vorpal,
                  | rPois Str+3 Int+6 Dex-3}
 97247 | Tar:7    | Noticed an ancient lich
 97249 | Tar:7    | Killed an ancient lich
 97547 | Depths:4 | Bought the ring "Ruet" {rCorr MP+9 Str+3} for 505 gold
                  | pieces
 97609 | Dis:1    | Entered Level 1 of the Iron City of Dis
 98350 | Dis:3    | Noticed a dread lich
 98358 | Dis:3    | Killed a dread lich
 99124 | Dis:5    | You are sucked into a shaft and drop 1 floor!
 99562 | Dis:7    | Entered Level 7 of the Iron City of Dis
 99881 | Dis:7    | Reached skill level 27 in Invocations
100755 | Dis:7    | Identified the amulet "Salevat" {Spirit Rampage rN++ Int+4}
100795 | Dis:7    | Noticed a juggernaut
100815 | Dis:7    | Killed a juggernaut
101159 | Dis:7    | Noticed a juggernaut
101186 | Dis:7    | Killed a juggernaut
101376 | Dis:7    | Noticed a juggernaut
101396 | Dis:7    | Killed a juggernaut
101451 | Dis:7    | Found the +4 staff of Dispater
101451 | Dis:7    | Identified the amulet "Loelasto" {RegenMP Will++ Str+4}
101451 | Dis:7    | Noticed Dispater
101471 | Dis:7    | Killed Dispater
101506 | Dis:7    | Identified the +1 pair of gloves of a bazaar {rElec rN+
                  | Dex+2}
101511 | Dis:7    | Got an iron rune of Zot
101565 | Dis:7    | Identified the +3 leather armour "Ipaewki" {rC+ Dex+6}
102035 | Coc:1    | Entered Level 1 of Cocytus
102655 | Coc:3    | Paralysed by a wendigo for 1 turns
102663 | Coc:3    | Reached skill level 27 in Throwing
102948 | Coc:4    | You are sucked into a shaft and drop 2 floors!
103155 | Coc:7    | Entered Level 7 of Cocytus
103446 | Coc:7    | Paralysed by a wendigo for 1 turns
103569 | Coc:7    | Identified the +2 leather armour "Dyfamou" {rN+ Slay+3
                  | Stlth+}
103615 | Coc:7    | Found the +7 Singing Sword {vorpal, sonic wave}
103643 | Coc:7    | Identified the ring "Asoypuit" {*Corrode rElec rC+ Will+++
                  | MP+9}
103646 | Coc:7    | Got the Almanac of Toxins and Earth
103938 | Coc:7    | Got the Reference Book on the Combative Figure
103976 | Coc:7    | Paralysed by a wendigo for 1 turns
104325 | Coc:7    | Noticed Antaeus
104342 | Coc:7    | Killed Antaeus
104374 | Coc:7    | Got an icy rune of Zot
105958 | Vaults:3 | Bought a scroll of summoning for 180 gold pieces
107512 | Vaults:2 | Bought 5 silver boomerangs for 157 gold pieces
107765 | Zig:1    | Entered Level 1 of a ziggurat
107793 | Zig:2    | Entered Level 2 of a ziggurat
107950 | Zig:3    | Entered Level 3 of a ziggurat
107951 | Zig:3    | Noticed Niro the pandemonium lord
107971 | Zig:3    | Killed Niro the pandemonium lord
107981 | Zig:4    | Entered Level 4 of a ziggurat
107984 | Zig:4    | Noticed a royal mummy
107992 | Zig:4    | Killed a royal mummy
108084 | Zig:4    | Identified the +0 leather armour "Deadgh" {Will+ Str+5}
108089 | Zig:5    | Entered Level 5 of a ziggurat
108124 | Zig:5    | Identified the +2 scale mail "Hitadiox" {Dex+3}
108141 | Zig:6    | Entered Level 6 of a ziggurat
108197 | Zig:6    | Identified the +0 robe "Pepsire" {Harm Will+}
108200 | Zig:7    | Entered Level 7 of a ziggurat
108214 | Abyss:3  | Cast into level 3 of the Abyss (+2 short sword of
                  | distortion)
108230 | Zig:7    | Escaped the Abyss
108251 | Zig:7    | Identified the +1 robe "Furghann" {-Tele +Inv rN+ Regen+}
108254 | Zig:7    | Identified the ring "Wias" {Ice Dex+8}
108280 | Zig:8    | Entered Level 8 of a ziggurat
108367 | Zig:9    | Entered Level 9 of a ziggurat
108447 | Zig:9    | Identified the +8 quarterstaff "Miocluog" {vorpal, Str+4}
108460 | Zig:10   | Entered Level 10 of a ziggurat
108492 | Zig:10   | Found the ring of the Octopus King
108504 | Zig:10   | Identified a ring of the Octopus King {rCorr HP+2 AC+2 EV+2
                  | SH+2}
108510 | Zig:10   | Identified the +10 chain mail "Pibalori" {rElec rF+ Will+}
108512 | Zig:10   | Identified the +3 glaive "Joamon" {drain, rC+++ Int-3
                  | Dex+4}
108534 | Zig:11   | Entered Level 11 of a ziggurat
108549 | Zig:11   | Noticed an orb of fire
108551 | Zig:11   | Noticed an orb of fire
108566 | Zig:11   | Killed an orb of fire
108566 | Zig:11   | Gained mutation: You are dopey. (Int -2) [an orb of fire]
108570 | Zig:11   | Gained mutation: You occasionally shout uncontrollably at
                  | your foes. [an orb of fire]
108575 | Zig:11   | Gained mutation: Your body sometimes deteriorates upon
                  | taking damage. [an orb of fire]
108578 | Zig:11   | Killed an orb of fire
108705 | Zig:11   | Identified the +8 falchion "Faulel" {holy, rC- Will++}
108738 | Zig:11   | Lost mutation: You are agile. (Dex +4, Str/Int -1) [potion
                  | of mutation]
108738 | Zig:11   | Lost mutation: You are dopey. (Int -2) [potion of mutation]
108738 | Zig:11   | Lost mutation: Your body sometimes deteriorates upon taking
                  | damage. [potion of mutation]
108738 | Zig:11   | Lost mutation: You are partially covered in iridescent
                  | scales. (AC +2) [potion of mutation]
108738 | Zig:11   | Gained mutation: You are partially covered in large bone
                  | plates. (SH +4) [potion of mutation]
108739 | Zig:11   | Lost mutation: You have a somewhat thin skeletal structure.
                  | (Dex +2, Stealth+) [potion of mutation]
108739 | Zig:11   | Lost mutation: You occasionally shout uncontrollably at
                  | your foes. [potion of mutation]
108739 | Zig:11   | Lost mutation: You are partially covered in large bone
                  | plates. (SH +4) [potion of mutation]
108739 | Zig:11   | Gained mutation: You are frail. (-10% HP) [potion of
                  | mutation]
108739 | Zig:11   | Gained mutation: You are dopey. (Int -2) [potion of
                  | mutation]
108739 | Zig:11   | Gained mutation: You are very frail. (-20% HP) [potion of
                  | mutation]
108740 | Zig:11   | Lost mutation: Your spells are a little easier to cast, but
                  | a little less powerful. [potion of mutation]
108740 | Zig:11   | Lost mutation: You are very frail. (-20% HP) [potion of
                  | mutation]
108740 | Zig:11   | Lost mutation: You are frail. (-10% HP) [potion of
                  | mutation]
108740 | Zig:11   | Gained mutation: Your magical capacity is low. (-10% MP)
                  | [potion of mutation]
108741 | Zig:11   | Lost mutation: Your magical capacity is low. (-10% MP)
                  | [potion of mutation]
108741 | Zig:11   | Lost mutation: You are dopey. (Int -2) [potion of mutation]
108741 | Zig:11   | Gained mutation: Your body sometimes deteriorates upon
                  | taking damage. [potion of mutation]
108741 | Zig:11   | Gained mutation: Your system is resistant to poisons.
                  | (rPois) [potion of mutation]
108741 | Zig:11   | Gained mutation: Your muscles are strong. (Str +4, Int/Dex
                  | -1) [potion of mutation]
109413 | Zot:5    | Noticed a dread lich
109422 | Zot:5    | Killed a dread lich
109541 | Zot:5    | Noticed an orb of fire
109549 | Zot:5    | Noticed an orb of fire
109550 | Zot:5    | Killed an orb of fire
109552 | Zot:5    | Killed an orb of fire
109553 | Zot:5    | Reached skill level 27 in Axes
109816 | Zot:5    | Noticed an ancient lich
109825 | Zot:5    | Killed an ancient lich
110123 | Zot:5    | Noticed an ancient lich
110140 | Zot:5    | Killed an ancient lich
110141 | Zot:5    | Noticed an orb of fire
110146 | Zot:5    | Killed an orb of fire
110643 | Zot:5    | Noticed a dread lich
110649 | Zot:5    | Killed a dread lich
111010 | Zot:5    | Noticed an ancient lich
111015 | Zot:5    | Killed an ancient lich
111015 | Zot:5    | Noticed an orb of fire
111019 | Zot:5    | Killed an orb of fire
111190 | Zot:5    | Noticed an ancient lich
111198 | Zot:5    | Noticed a dread lich
111205 | Zot:5    | Killed an ancient lich
111216 | Zot:5    | Killed a dread lich
111682 | Geh:1    | Entered Level 1 of Gehenna
111985 | Geh:2    | Noticed a juggernaut
111986 | Geh:2    | Noticed a juggernaut
112001 | Geh:2    | Killed a juggernaut
112006 | Geh:2    | Killed a juggernaut
112072 | Geh:2    | Noticed a juggernaut
112074 | Geh:2    | Noticed a juggernaut
112091 | Geh:2    | Killed a juggernaut
112256 | Geh:2    | Killed a juggernaut
112397 | Geh:2    | Noticed a juggernaut
112412 | Geh:2    | Killed a juggernaut
112880 | Geh:4    | Lost intelligence.
113213 | Geh:4    | You are sucked into a shaft and drop 2 floors!
113453 | Geh:7    | Entered Level 7 of Gehenna
113941 | Geh:7    | Noticed the Serpent of Hell
113956 | Geh:7    | Killed the Serpent of Hell
115413 | Geh:7    | Found the +7 sceptre of Asmodeus
115413 | Geh:7    | Identified the ring "Acimesk" {Ice Contam rPois rN+ Dex+3}
115413 | Geh:7    | Noticed Asmodeus
115428 | Geh:7    | Killed Asmodeus
115448 | Geh:7    | Got the Essays on Numb Evolution
115450 | Geh:7    | Got an obsidian rune of Zot
116113 | Tomb:1   | Entered Level 1 of the Tomb of the Ancients
116372 | Tomb:1   | Noticed a royal mummy
116385 | Tomb:1   | Killed a royal mummy
116997 | Tomb:1   | Noticed a royal mummy
117000 | Tomb:1   | Killed a royal mummy
117084 | Tomb:1   | Noticed a royal mummy
117088 | Tomb:1   | Killed a royal mummy
117195 | Tomb:1   | Noticed a royal mummy
117206 | Tomb:1   | Killed a royal mummy
117903 | Tomb:2   | Noticed a royal mummy
117909 | Tomb:2   | Killed a royal mummy
117915 | Tomb:2   | Noticed a royal mummy
117921 | Tomb:2   | Noticed a royal mummy
117922 | Tomb:2   | Killed a royal mummy
117930 | Tomb:2   | Killed a royal mummy
117931 | Tomb:2   | Reached skill level 27 in Dodging
117938 | Tomb:2   | Noticed a royal mummy
117941 | Tomb:2   | Killed a royal mummy
118228 | Tomb:2   | Gained mutation: You are frail. (-10% HP) [mutagenic glow]
118229 | Tomb:2   | Lost mutation: Your body sometimes deteriorates upon taking
                  | damage. [potion of mutation]
118229 | Tomb:2   | Lost mutation: Your muscles are strong. (Str +4, Int/Dex
                  | -1) [potion of mutation]
118229 | Tomb:2   | Lost mutation: Your system is resistant to poisons. (rPois)
                  | [potion of mutation]
118229 | Tomb:2   | Gained mutation: You passively dampen the noise of your
                  | surroundings. [potion of mutation]
118230 | Tomb:2   | Lost mutation: You passively dampen the noise of your
                  | surroundings. [potion of mutation]
118230 | Tomb:2   | Lost mutation: You are frail. (-10% HP) [potion of
                  | mutation]
118230 | Tomb:2   | Gained mutation: You are agile. (Dex +4, Str/Int -1)
                  | [potion of mutation]
118259 | Tomb:2   | Gained mutation: You occasionally lose the ability to drink
                  | potions when taking damage. [mutagenic glow]
118269 | Tomb:2   | Gained mutation: You are frail. (-10% HP) [mutagenic glow]
118392 | Tomb:2   | Lost mutation: You occasionally lose the ability to drink
                  | potions when taking damage. [potion of mutation]
118392 | Tomb:2   | Lost mutation: You are agile. (Dex +4, Str/Int -1) [potion
                  | of mutation]
118392 | Tomb:2   | Lost mutation: You are frail. (-10% HP) [potion of
                  | mutation]
118392 | Tomb:2   | Gained mutation: You do not regenerate when monsters are
                  | visible. [potion of mutation]
118392 | Tomb:2   | Gained mutation: You occasionally lose the ability to drink
                  | potions when taking damage. [potion of mutation]
118392 | Tomb:2   | Gained mutation: Your mind is acute. (Int +4, Str/Dex -1)
                  | [potion of mutation]
118393 | Tomb:2   | Lost mutation: You do not regenerate when monsters are
                  | visible. [potion of mutation]
118393 | Tomb:2   | Lost mutation: You occasionally lose the ability to drink
                  | potions when taking damage. [potion of mutation]
118393 | Tomb:2   | Gained mutation: Your magical capacity is low. (-10% MP)
                  | [potion of mutation]
118393 | Tomb:2   | Gained mutation: You are somewhat resistant to further
                  | mutation. [potion of mutation]
118617 | Tomb:3   | Entered Level 3 of the Tomb of the Ancients
118649 | Tomb:3   | Noticed Mennas
118666 | Tomb:3   | Killed Mennas
118680 | Tomb:3   | Noticed a royal mummy
118681 | Tomb:3   | Noticed a royal mummy
118687 | Tomb:3   | Noticed a royal mummy
118884 | Tomb:3   | Noticed a royal mummy
118889 | Tomb:3   | Paralysed by a Zot trap for 5 turns
118899 | Tomb:3   | Killed a royal mummy
118899 | Tomb:3   | Gained mutation: Armour fits poorly on your strangely
                  | shaped body. [mutagenic glow]
118900 | Tomb:3   | Killed a royal mummy
118906 | Tomb:3   | Gained mutation: Your magical capacity is very low. (-20%
                  | MP) [mutagenic glow]
118915 | Tomb:3   | Noticed a royal mummy
118919 | Tomb:3   | Killed a royal mummy
118921 | Tomb:3   | Killed a royal mummy
118929 | Tomb:3   | Killed a royal mummy
118930 | Tomb:3   | Gained mutation: You are clumsy. (Dex -2) [mutagenic glow]
118937 | Tomb:3   | Noticed a royal mummy
118939 | Tomb:3   | Noticed a royal mummy
118939 | Tomb:3   | Noticed a royal mummy
118946 | Tomb:3   | Killed a royal mummy
118949 | Tomb:3   | Killed a royal mummy
119131 | Tomb:3   | Noticed a royal mummy
119135 | Tomb:3   | Killed a royal mummy
119138 | Tomb:3   | Killed a royal mummy
119185 | Tomb:3   | Got a golden rune of Zot
119310 | Tomb:3   | Identified the +2 plate armour of Good Intentions {rC- rN+
                  | Regen+ Dex+5}
119486 | Tomb:3   | Found the +11 plutonium sword {Contam Stlth-}
119530 | Tomb:3   | Identified the +3 battleaxe of Sebeukum {speed, Fragile rN+
                  | Str+5}
119532 | Tomb:3   | Identified the ring "Miyzaps" {EV+4 Slay+2}
119536 | Tomb:3   | Identified the ring "Warol" {rCorr Dex+4}
119541 | Tomb:3   | Identified the +4 troll leather armour of Beyond {Regen+
                  | Int+4 Slay+4 Stlth+}
119550 | Tomb:3   | Got the Vellum of Sinister Venom
119563 | Tomb:3   | Got the Collected Works on Intoxicating Metal
120218 | Zot:5    | Got the Orb of Zot
120935 | D:$      | Escaped with the Orb!

Illustrated notes

Levels and vault maps discovered:
D:1:      scummos_arrival_checkerplants, layout_loops_ring, serial_shops,
          nicolae_square_shop, ebering_ecumenical_altar_hall,
          chequers_mini_garden
D:2:      layout_basic
D:3:      layout_loops_cross, lemuel_doored_altar, nicolae_ashenzari_panopticon,
          amcnicky_altar_gilded, dancing_weapons_uskayaw, uniq_sigmund
D:4:      layout_basic, mainiacjoe_overflow_six_doors_small,
          mainiacjoe_overflow_surrounded_room, uniq_robin, uniq_grinder,
          uniq_natasha
D:5:      layout_layer_cave, minmay_temple_entry_tees, kennysheep_cross_room,
          corner_web_ring
D:6:      layout_cave_pools, mainiacjoe_overflow_alcove_4, serial_shops,
          nicolae_shop_behind_doors, st_stairs_13, nicolae_shop_vocational,
          uniq_pikel, uniq_eustachio, uniq_menkaure
D:7:      layout_rooms, lemuel_tele_altar, uniq_joseph, uniq_crazy_yiuf_cottage
D:8:      layout_rooms, mainiacjoe_overflow_small_starburst
D:9:      layout_basic, serial_shops, shop
D:10:     layout_basic, lair_entry_dummy, david_orc_5
D:11:     wander_kiku_kobolds, layout_basic, nicolae_hexahallways,
          uniq_gastronok, uniq_nergalle
D:12:     minmay_the_grid_square_5x5_4x4_mashed [minmay_the_grid_square_5x5_meh,
          minmay_the_grid_square_5x5_gyroscope,
          minmay_the_grid_square_5x5_minibox,
          minmay_the_grid_square_5x5_spiral_small,
          minmay_the_grid_square_5x5_detours,
          minmay_the_grid_square_5x5_prize_monsterx,
          minmay_the_grid_square_5x5_prize_snowflake,
          minmay_the_grid_square_5x5_inner_z,
          minmay_the_grid_square_5x5_intrusive_squares,
          minmay_the_grid_square_5x5_prize_junk,
          minmay_the_grid_square_5x5_prize_rear_guard,
          minmay_the_grid_square_5x5_slash, minmay_the_grid_square_5x5_mess,
          minmay_the_grid_square_5x5_seven,
          minmay_the_grid_square_5x5_checkered_statues,
          minmay_the_grid_square_5x5_tie], layout_loops_ring,
          nicolae_trove_entry_free_sample
D:13:     layout_roguey, hellmonk_guarded_unrand_rift
D:14:     layout_cave_pools, hangedman_vaults_entry_quadrant_bands,
          okawaru_ov_weapons_minmay, kennysheep_generic_room_8, uniq_azrael,
          uniq_kirke
D:15:     hangedman_depths_entry_civil_slaughter, layout_rooms,
          minmay_misc_feat_diagonals, special_room [special_room_orc]
Temple:   cyrus_circular_temple
Lair:1:   layout_misc_corridors
Lair:2:   layout_small_grid, gammafunk_ghost_split
Lair:3:   layout_chaotic_city, palyth_hydra_swamp_entry,
          spider_nest_entry_web_field
Lair:4:   layout_layer_cave, minmay_slime_entry_oklob_open, grunt_megastairs_3,
          uniq_sonja
Lair:5:   gammafunk_lair_ancient_temple, layout_regular_city,
          eino_small_chamber_without_monster, uniq_nessos
Swamp:1:  layout_falls_marsh, nicolae_swamp_little_tower
Swamp:2:  layout_basic_swamp, nicolae_swamp_well_well_well, swamp_pool3,
          nicolae_swamp_tree_designs, infiniplex_staircase_pool, uniq_jorgrun
Swamp:3:  layout_falls_marsh, evilmike_swamp_ruin_house_2
Swamp:4:  nzn_swamp_witches_coven, layout_basic_swamp, swamp_pool5
Spider:1: layout_spider_delve, portal_ice_cave_entry_dragon, drop_trap,
          uniq_mlioglotl, uniq_agnes
Spider:2: layout_cave_pods, uniq_aizul, uniq_louise
Spider:3: layout_spider_delve
Spider:4: spider_rune_water, uniq_asterion
Slime:1:  layout_caves
Slime:2:  layout_caves
Slime:3:  layout_caves, cheibrodos_slime_lost_civilization_5
Slime:4:  layout_caves
Slime:5
Orc:1:    layout_caves
Orc:2:    st_orc_congregation, layout_caves, serial_shops,
          nicolae_shop_waterfront, gammafunk_ghost_berserking_beasts,
          basic_altar, uniq_rupert
Elf:1:    layout_geoelf_octagon, basic_altar, minmay_elf_demonology,
          nicolae_shop_self_help, grunt_megastairs_4
Elf:2:    elven_hall_of_blades_hangedman_original
          [nicolae_blade_entry_hurt_lockers], layout_loops_corners,
          serial_shops, shop
Elf:3:    elf_hall, layout_geoelf_diagonals
Vaults:1: nicolae_vaults_mini_display_case, v_misc_15,
          hangedman_vaults_stitches, nicolae_vaults_rhombus_6,
          vaults_room_boxed, nicolae_vaults_three_branches,
          hangedman_vaults_maws, hangedman_vaults_corner,
          nicolae_vaults_specimen_jars, nicolae_vaults_little_squares_6,
          layout_vaults_omnicross
Vaults:2: vaults_dpeg_cross, grunt_vaults_diagonal, nicolae_vaults_little_ls,
          vaults_mumra_minichess, st_lines, v_misc_23, v_alt_pattern_5,
          grunt_vaults_hallway_short, vaults_room_pool,
          nicolae_vaults_angled_halls, hangedman_vaults_maws,
          layout_vaults_chaotic_city, serial_shops, nicolae_shop_statue_plus,
          shop, nicolae_shop_crystal, shop
Vaults:3: biasface_ghost_orc_armoury, minmay_crypt_entry_simple_box,
          st_diamondy, nicolae_vaults_twisting_passages, v_misc_12,
          ontoclasm_vaults_pinch, hangedman_vaults_snaps, v_pattern_2,
          v_misc_23, nicolae_vaults_shelves_hall, vaults_mumra_hex, v_misc_25,
          layout_vaults_omnigrid, serial_shops, nicolae_shop_crystal, uniq_jory,
          uniq_bai_suzhen
Vaults:4: v_misc_4, v_misc_16, nicolae_vaults_network_barrier,
          nicolae_vaults_border_crossing, v_misc_18, nicolae_vaults_big_ls,
          v_pattern_5, vaults_room_pools, ontoclasm_vaults_bender,
          layout_vaults_ring
Vaults:5
Crypt:1:  gammafunk_sealed_library, layout_catacombs
Crypt:2:  layout_chaotic_city, uniq_saint_roka
Crypt:3:  lightli_unholy_cathedral, layout_chaotic_city, basic_altar,
          uniq_zenata
Tomb:1
Tomb:2
Tomb:3:   uniq_mennas
Depths:1: nicolae_whirlpool, layout_honeycomb, minmay_room_of_horrors,
          hell_entry, rand_demon_pan_entry_7, xom_redecorated, serial_shops,
          shop, minmay_misc_feat_doors, tso_oasis_becter, uniq_sojobo
Depths:2: kennysheep_ambush_hall, layout_cave_pools, pan_entry, serial_shops,
          shop, amcnicky_mini_rare_corridor_liquid, abyss_entry,
          pf_hell_entry_tar_spiral, minmay_misc_feat_enclosed, uniq_josephina
Depths:3: kennysheep_four_of_diamonds, layout_gridlike, hell_entry, abyss_entry,
          hangedman_decor_slide_cut
Depths:4: grunt_zot_entry_alcove, layout_cave_shapes, enter_ziggurat_b,
          special_room [special_room_morgue], hellmouth_3, minmay_shop_grove,
          uniq_enchantress
Hell
Dis:1:    layout_gridville
Dis:2:    layout_regular_city, hangedman_dis_chains,
          nicolae_dis_having_a_grate_time
Dis:3:    lightli_tower_of_babel
Dis:4:    layout_jigsaw
Dis:5:    layout_jigsaw
Dis:6:    nicolae_dis_pentagon_1, layout_jigsaw
Dis:7:    dis_grunt_layers
Geh:1:    layout_gehenna_pools_triple
Geh:2:    nicolae_hells_titanomachy
Geh:3:    layout_gehenna_pools_triple
Geh:4:    layout_gehenna_lava_caves
Geh:6:    layout_gehenna_pools_triple
Geh:7:    geh_grunt_pentagon
Coc:1:    layout_cocytus_water_paths
Coc:2:    layout_cocytus_water_paths
Coc:3:    layout_ice_bergs
Coc:4:    layout_ice_bergs
Coc:6:    nicolae_coc_through_the_icewall, layout_ice_bergs,
          nicolae_hells_seeping_fissure
Coc:7:    coc_mu
Tar:1:    layout_grid_maze
Tar:2:    layout_cathedral_of_symmetry, nicolae_hells_hurtin_island
Tar:3:    layout_grid_maze
Tar:4:    layout_grid_maze, grunt_tartarus_stairs_gauntlet_trap
Tar:5:    layout_catacombs, nicolae_tar_cuneiform_bird
Tar:6:    layout_grid_maze
Tar:7:    tar_grunt_cathedral
Zot:1:    kennysheep_room_grid, layout_gridlike, ebering_ghost_reflecting_pool,
          uniq_grunn
Zot:2:    layout_onion_interference
Zot:3:    dreamdust_black_sun_cult, layout_cathedral_of_symmetry
Zot:4:    kennysheep_blocky_room, layout_gridlike, lemuel_elevator
Zot:5:    layout_gridlike

Skill      XL: |  1  2  3  4  5  6  7  8  9 10 11 12 13 14 15 16 17 18 19 20 21 22 23 24 25 26 27 |
---------------+----------------------------------------------------------------------------------+-----
Axes           | 3 4 5 7 8 10 12 15 16 17 18 19 22 27 | 27.0
Fighting       | 4 5 6 7 9 10 11 12 14 15 17 20 22 27 | 27.0
Armour         | 4 5 6 8 9 10 13 15 17 19 20 27 | 27.0
Throwing       | 5 7 10 14 15 16 27 | 27.0
Invocations    | 8 11 12 14 15 17 27 | 27.0
Shields        | 7 10 11 13 15 18 20 27 | 27.0
Dodging        | 2 6 10 14 15 16 19 20 27 | 27.0
Evocations     | 9 11 13 15 24 | 24.3
Ranged Weapons | 4 8 |  8.5

Action                   |  1- 3 |  4- 6 |  7- 9 | 10-12 | 13-15 | 16-18 | 19-21 | 22-24 | 25-27 || total
-------------------------+-------+-------+-------+-------+-------+-------+-------+-------+-------++-------
Melee: War axe           |    19 |    23 |   317 |   650 |   650 |       |       |       |       ||  1659
       Dagger            |   121 |   109 |       |       |       |       |       |       |       ||   230
       Spear             |       |       |       |    34 |    30 |       |       |       |       ||    64
       Trident           |       |       |       |       |   196 |    47 |       |     8 |       ||   251
       Broad axe         |       |       |       |       |   451 |  1665 |  1313 |  1465 |  5558 || 10452
       Punch             |       |       |       |       |       |     1 |       |       |       ||     1
 Fire: Shortbow          |       |       |       |       |    23 |       |       |       |       ||    23
       Longbow           |       |       |       |       |   104 |    56 |       |       |       ||   160
       Hand crossbow     |       |       |       |       |       |       |       |       |     3 ||     3
Throw: Boomerang         |       |       |       |     6 |       |     2 |     1 |   201 |  1167 ||  1377
       Dart              |       |       |       |    22 |    33 |    11 |    14 |       |     6 ||    86
       Javelin           |       |       |       |       |    10 |     9 |    12 |       |    94 ||   125
Invok: Heroism           |       |       |     1 |     6 |     4 |     3 |     2 |     2 |     1 ||    19
       Finesse           |       |       |       |     3 |    10 |    13 |     9 |    11 |     4 ||    50
       Duel              |       |       |       |       |       |     2 |     1 |     2 |       ||     5
       Divine Shield     |       |       |       |       |       |       |       |       |    32 ||    32
       Cleansing Flame   |       |       |       |       |       |       |       |       |    33 ||    33
       Summon Divine War |       |       |       |       |       |       |       |       |    93 ||    93
       Brand Weapon With |       |       |       |       |       |       |       |       |     1 ||     1
 Abil: Evoke Blink       |       |       |       |       |       |     4 |       |     1 |     5 ||    10
Evoke: Wand              |       |       |     1 |       |     1 |     5 |       |       |     8 ||    15
       Condenser vane    |       |       |       |       |     1 |     2 |       |     3 |     1 ||     7
       Phial of floods   |       |       |       |       |       |     1 |       |       |     1 ||     2
       Lightning rod     |       |       |       |       |       |       |     4 |     9 |     8 ||    21
       Tin of tremorston |       |       |       |       |       |       |       |     3 |     9 ||    12
       Phantom mirror    |       |       |       |       |       |       |       |       |    10 ||    10
       Box of beasts     |       |       |       |       |       |       |       |       |     5 ||     5
  Use: Potion            |       |       |     5 |     2 |     1 |       |     4 |     3 |    69 ||    84
       Scroll            |       |       |       |    15 |    18 |    13 |     2 |     5 |    53 ||   106
 Stab: Confused          |       |       |       |       |     5 |     4 |       |       |       ||     9
       Distracted        |       |       |       |       |     1 |     2 |       |       |       ||     3
       Invisible         |       |       |       |       |       |       |       |     1 |       ||     1
Armor: Scale mail        |    62 |     5 |       |       |       |       |       |       |       ||    67
       Plate armour      |       |    84 |   237 |   475 |   443 |   556 |   224 |   232 |   505 ||  2756
       Chain mail        |       |       |       |       |   283 |    84 |       |       |       ||   367
       Crystal plate arm |       |       |       |       |       |       |       |   126 |   990 ||  1116
Dodge: Dodged            |    60 |    27 |   104 |   195 |   316 |   597 |   390 |   345 |  1331 ||  3365
Block: Buckler           |    34 |    28 |    10 |       |       |       |       |       |       ||    72
       Kite shield       |       |       |       |       |   668 |  1317 |   312 |       |       ||  2297
       Reflection        |       |       |       |       |    28 |    41 |    72 |   100 |   173 ||   414
       Other             |       |       |       |       |       |    32 |       |       |       ||    32
       Tower shield      |       |       |       |       |       |       |   886 |  1354 |  5822 ||  8062
